 Dungeon Crawl Stone Soup version 0.31-a0-703-gcfe89afef6 (webtiles) character file.

Game seed: 8720571163594024659

2112968 qw the Conqueror (level 26, 193/193 HPs)
             Began as a Gargoyle Hunter on Sept 8, 2023.
             Was a High Priest of Okawaru.
             Escaped with the Orb
             ... and 3 runes!
             The game lasted 00:29:25 (43867 turns).

qw the Conqueror (Gargoyle Hunter)                 Turns: 43867, Time: 00:29:26

Health: 193/193    AC: 43    Str: 12    XL:     26   Next: 95%
Magic:  38/38      EV: 36    Int: 17    God:    Okawaru [*****.]
Gold:   7900       SH:  4    Dex: 35    Spells: 25/25 levels left

rFire   + . .        j - +27 heavy crossbow "Sniper" {heavy, Acc+∞ SInv}
rCold   + + +        (shield currently unavailable)
rNeg    + . .        H - +0 ring mail "Qestat" {Will+ Int+3 Dex+6}
rPois   inf          t - +2 helmet
rElec   +            b - +0 cloak "Gus Obbu" {Fly rPois Will++ Str-4}
rCorr   +            c - +1 pair of gloves of Yklen {Dex+4}
SInv    +            r - +2 pair of boots "Gaul Unu" {Regen+ Int+3}
Will    ++++.        g - amulet of faith
Stlth   +            k - ring of Ahacror {Contam Drain rC+++ rCorr MP+9}
HPRegen 1.32/turn    d - +6 ring of dexterity
MPRegen 0.26/turn

%: clarity, faith
@: flying
A: sickness immunity, AC +20, big wings, negative energy resistance 1,
electricity resistance, torment resistance 1, petrification resistance, large
bone plates 1, clarity, clumsy 1, dopey 1, fire resistance 1, low MP 1, subdued
magic 1, noise suppression
0: Orb of Zot
}: 3/15 runes: decaying, serpentine, silver
a: Renounce Religion, Heroism, Finesse, Duel


You escaped.
You worshipped Okawaru.
Okawaru was extremely pleased with you.
You visited 9 branches of the dungeon, and saw 45 of its levels.

You collected 9023 gold pieces.
You spent 1123 gold pieces at shops.


Innate Abilities, Weirdness & Mutations

You are immune to sickness and miasma.
Your stone body is resilient. (AC +20)
You are immune to poison.
Your large and strong wings let you fly.
You resist negative energy. (rN+)
You are resistant to electric shocks. (rElec)
You are resistant to unholy torment.
You are immune to petrification.
You are partially covered in large bone plates. (SH +4)
You possess an exceptional clarity of mind.
You are clumsy. (Dex -2)
You are dopey. (Int -2)
Your flesh is heat resistant. (rF+)
Your magical capacity is low. (-10% MP)
Your spells are a little easier to cast, but a little less powerful.
You passively dampen the noise of your surroundings.


   Skills:
 O Level 27 Fighting
 - Level 22.0 Ranged Weapons
 - Level 22.0 Armour
 - Level 22.0 Dodging
 - Level 1.1 Stealth
 + Level 12.4 Invocations


You had 25 spell levels left.
You didn't know any spells.
Your spell library was empty.

Inventory:

Hand Weapons
 j - the +27 heavy crossbow "Sniper" (weapon) {heavy, Acc+∞ SInv}
   (You found it on level 2 of the Vaults)

   Acc+∞: It never misses its target.
   SInv:      It lets you see invisible.
Armour
 a - the +2 robe of Okawaru's Hope {rElec rC++ Int-4 SInv Archmagi}
   (Okawaru gifted it to you on level 4 of the Vaults)

   Int-4:     It affects your intelligence (-4).
   rC++:      It greatly protects you from cold.
   rElec:     It insulates you from electricity.
   SInv:      It lets you see invisible.
   Archmagi:  It increases the power of your magical spells.
 b - the +0 cloak "Gus Obbu" (worn) {Fly rPois Will++ Str-4}
   (Okawaru gifted it to you on level 3 of the Snake Pit)

   Str-4:     It affects your strength (-4).
   rPois:     It protects you from poison Will++: It greatly increases your
   willpower.
   Fly:       It grants you flight.
 c - the +1 pair of gloves of Yklen (worn) {Dex+4}
   (You found it on level 2 of the Dungeon)

   Dex+4:     It affects your dexterity (+4).
 e - the +0 ring mail of Dajoloel {Fly rF- rC+ Dex+4}
   (Okawaru gifted it to you on level 2 of the Realm of Zot)

   Dex+4:     It affects your dexterity (+4).
   rF-:       It makes you vulnerable to fire.
   rC+:       It protects you from cold.
   Fly:       It grants you flight.
 p - a +2 robe of resistance
 r - the +2 pair of boots "Gaul Unu" (worn) {Regen+ Int+3}
   (Okawaru gifted it to you on level 2 of the Snake Pit)

   Int+3:     It affects your intelligence (+3).
   Regen+:    It increases your rate of health regeneration.
 t - a +2 helmet (worn)
 D - a +2 cloak
 H - the +0 ring mail "Qestat" (worn) {Will+ Int+3 Dex+6}
   (You bought it in a shop on level 5 of the Vaults)

   Int+3:     It affects your intelligence (+3).
   Dex+6:     It affects your dexterity (+6).
   Will+:     It increases your willpower.
Jewellery
 d - a +6 ring of dexterity (right hand)
 g - an amulet of faith (around neck)
 k - the ring of Ahacror (left hand) {Contam Drain rC+++ rCorr MP+9}
   (You found it on level 13 of the Dungeon)

   [ring of magical power]

   rC+++:     It renders you almost immune to cold.
   MP+9:      It affects your magic capacity (+9).
   Contam:    It causes magical contamination when unequipped.
   rCorr:     It protects you from acid and corrosion.
   Drain:     It drains your maximum health when unequipped.
 o - the amulet "Qielutut" {*Corrode rElec Regen+ Str+4}
   (You acquired it on level 1 of the Swamp)

   [amulet of regeneration]

   Str+4:     It affects your strength (+4).
   rElec:     It insulates you from electricity.
   Regen+:    It increases your rate of health regeneration.
   *Corrode:  It may corrode you when you take damage.
 q - the ring "Linabaoz" {rF+ Will+ Str+6 Int-4}
   (You took it off a wizard on level 2 of the Vaults)

   [ring of strength]

   Str+6:     It affects your strength (+6).
   Int-4:     It affects your intelligence (-4).
   rF+:       It protects you from fire.
   Will+:     It increases your willpower.
 Y - the ring "Caen" {Contam rElec EV+5 SInv}
   (You took it off an ironbound preserver on level 5 of the Vaults)

   [ring of evasion]

   EV+5:      It affects your evasion (+5).
   rElec:     It insulates you from electricity.
   SInv:      It lets you see invisible.
   Contam:    It causes magical contamination when unequipped.
Wands
 y - a wand of digging (3)
Scrolls
 i - 22 scrolls of identify
 l - 28 scrolls of teleportation
 s - 2 scrolls of enchant weapon
 A - 5 scrolls of enchant armour
Potions
 f - 6 potions of might
 m - 2 potions of enlightenment
 n - 2 potions of heal wounds
 u - 3 potions of resistance
 v - 7 potions of magic
 w - 15 potions of curing
 x - a potion of cancellation
 G - 3 potions of mutation

Dungeon Overview and Level Annotations

Branches:
Dungeon (15/15)            Temple (1/1) D:5            Lair (5/5) D:11
  Swamp (4/4) Lair:2        Snake (4/4) Lair:2        Slime (0/5) Lair:5
    Orc (2/2) D:10            Elf (0/3) Orc:2        Vaults (5/5) D:13
  Crypt (0/3) Vaults:3     Depths (4/4) D:15            Zot (5/5) Depths:4

Altars:
Ashenzari
Cheibriados
Dithmenos
Elyvilon
Fedhas
Gozag
Hepliaklqana
Kikubaaqudgha
Makhleb
Nemelex Xobeh
Okawaru
Qazlal
Ru
Sif Muna
Trog
Uskayaw
Vehumet
Wu Jian
Xom
Yredelemnul
Zin
The Shining One
Jiyva

Shops:
Orc:2 =([:?   Snake:3 ?   Snake:4 :   Vaults:5 *   Depths:1 :

Portals:
Hell: Depths:1 Depths:2 Depths:3 Depths:4
Abyss: Depths:3
Pandemonium: Depths:1 Depths:2 Depths:4
Ziggurat: Depths:2
Trove: D:13 (give +4 fire dragon scales)

Annotations:
D:15 36 runed doors
Lair:2 2 transporters
Lair:5 3 runed translucent doors, qw's ghost, journeyman GrFi
Swamp:1 1 runed translucent door
Swamp:3 3 runed translucent doors, KCGemini's ghost, journeyman FeBe
Snake:1 3 runed translucent doors
Vaults:1 2 runed translucent doors, qw's ghost, adept GrHu
Vaults:4 3 runed translucent doors, Dacon's ghost, adept MiGl


Message History

Enter note:
Enter note:
Enter note:
Enter note:
Enter note:
Enter note:
Enter note:
Enter note:
Enter note:
Enter note:
Enter note:
Enter note:
Enter note:
Enter note:
Enter note:
Enter note:
Enter note:
Enter note:
Enter note:
Enter note:
Enter note:
Enter note:
Enter note:
Enter note:
Enter note: You shoot a bolt.
The bolt hits the reaper!!!
The reaper is heavily wounded.
You shoot a bolt. The bolt hits the reaper!
The reaper is severely wounded.
The reaper barely misses you.
The reaper hits you from afar with a +3 scythe of pain!
You writhe in agony.
You shoot a bolt. The bolt hits the reaper!!!
You kill the reaper!
Okawaru accepts your kill.
What level of the Dungeon? (default 1, ? - help) HP restored.
There is an open door here.
There is a staircase leading out of the dungeon here.
You have escaped!

#.......###.#.##.#..#####
#............)...........
#.....#.#...........#####
#.#...................[..
#.##..##########.#..#####
#.##.##~~~#~#~.'.#..# #
#.##.##~##~#~###.#..# ##
#.##.##~~#~#~###.#..# #.
#.##..'~@#~#~~.#.#..#####
#.#####~~~~###.#.#.......
#.# #~##~#.#.#.........
#.# #~~~~#...#.........
#.##########'###.#.######
#........................
#.####.#####.............
#.# #.# #.##..#.......
#.####.#####.##..#.#.###.


There were no monsters in sight!

Vanquished Creatures
  2 ancient liches
  2 dread liches (Depths:3)
  Mara (Depths:2)
  3 orbs of fire (Zot:5)
  2 juggernauts (Depths:4)
  Sojobo (Depths:1)
  Margery (Vaults:3)
  Frederick (Vaults:4)
  11 caustic shrikes (Depths:4)
  4 curse toes
  4 Killer Klowns
  7 golden dragons
  Norris (Depths:2)
  Nikola (Vaults:3)
  A profane servitor (D:4)
  2 Brimstone Fiends
  A Tzitzimitl (D:13)
  7 electric golems
  Jorgrun (D:15)
  2 liches
  2 walking earthen tomes (Depths:4)
  A pandemonium lord (D:13)
  An Ice Fiend (Depths:4)
  22 tentacled monstrosities
  A walking crystal tome (Depths:4)
  22 Orb Guardians
  10 quicksilver dragons
  14 titans
  11 sphinxes
  A walking frostbound tome (Depths:4)
  A thorn hunter (Lair:2)
  7 death cobs
  10 tengu reavers
  10 shadow dragons
  An ancient champion (Vaults:3)
  Kirke (D:11)
  7 draconian monks
  Agnes (D:15)
  21 storm dragons
  4 nagarajas
  3 draconian knights
  17 frost giants
  15 vault wardens
  18 fire giants
  4 iron dragons
  3 deep elf sorcerers (Depths:3)
  4 orc warlords
  3 ghost moths
  A balrug (Zot:1)
  6 draconian stormcallers
  13 ironbound preservers
  3 draconian scorchers
  A demonspawn corrupter (D:8)
  An angel (D:8)
  5 spriggan defenders (Depths:4)
  A draconian annihilator (Zot:5)
  2 draconian shifters (Zot:4)
  4 cacodemons
  A war gargoyle (Vaults:5)
  15 very ugly things
  3 reapers
  A formless jellyfish (Vaults:3)
  26 stone giants
  5 ironbound thunderhulks
  24 dire elephants
  Nessos (D:14)
  4 eleionomae
  4 black draconians
  12 yellow draconians
  A demonspawn black sun (D:8)
  7 spark wasps
  12 purple draconians
  A vampire knight (Depths:4)
  6 green draconians
  12 white draconians
  12 red draconians
  A bunyip (Swamp:1)
  2 crystal guardians (Vaults:4)
  3 deep elf death magi
  2 green deaths (Swamp:4)
  12 fire dragons
  14 ettins
  2 deep elf high priests (Vaults:5)
  2 entropy weavers
  An ettin (shapeshifter) (Vaults:5)
  8 great orbs of eyes
  10 yaktaur captains
  A hell beast (Swamp:4)
  Harold (D:11)
  17 ice dragons
  11 hydras
  33 vault guards
  6 salamander tyrants
  3 peacekeepers
  3 rakshasas
  5 spriggan air magi
  3 catoblepae
  5 alligators
  5 ironbound frosthearts
  5 centaur warriors
  5 ogre magi
  A death knight (Vaults:3)
  An anaconda (shapeshifter) (Vaults:1)
  14 anacondas
  Erica (Orc:1)
  23 two-headed ogres
  6 deep troll shamans
  11 naga warriors
  10 tengu warriors
  6 boulder beetles
  8 deep troll earth magi
  3 death yaks (Lair:5)
  2 thrashing horrors (Swamp:4)
  4 hell hogs (D:8)
  An orc high priest (Orc:2)
  5 shock serpents
  7 vampire magi
  7 spriggan berserkers
  A shock serpent (shapeshifter) (Vaults:5)
  5 soul eaters
  14 naga sharpshooters
  4 sun demons
  13 spriggans
  14 hell knights
  5 skysharks
  4 goliath frogs
  A skyshark (shapeshifter) (Vaults:5)
  5 iron trolls
  2 sixfirhies
  2 skeletal warriors (D:11)
  A shadow wraith (Vaults:5)
  3 spriggan druids
  3 salamander mystics
  3 flayed ghosts (Depths:4)
  3 glowing orange brains
  37 deep trolls
  11 swamp dragons
  A swamp dragon (shapeshifter) (Vaults:5)
  A deep troll (shapeshifter) (Vaults:1)
  2 phantasmal warriors
  7 wizards
  7 bog bodies
  A steelbarb worm (shapeshifter) (Vaults:1)
  6 naga ritualists
  A lindwurm (shapeshifter) (D:13)
  3 shadow demons
  20 lindwurms
  16 ironbound convokers
  12 mana vipers
  9 necromancers
  10 orc knights
  25 ugly things
  3 deep elf pyromancers
  8 harpies
  A wolf spider (shapeshifter) (Depths:4)
  A wolf spider (D:13)
  An oklob plant (Lair:3)
  24 moths of wrath
  6 orc sorcerers (Orc:2)
  6 cyclopes
  7 elephants (Lair:5)
  7 will-o-the-wisps
  19 salamanders
  5 manticores
  A guardian serpent (shapeshifter) (D:15)
  A moth of wrath (shapeshifter) (Vaults:1)
  A black mamba (shapeshifter) (D:13)
  25 black mambas
  6 guardian serpents
  12 naga magi
  A rust devil (Depths:1)
  Joseph (D:7)
  17 vault sentinels
  3 smoke demons
  3 gargoyles
  An eye of devastation (shapeshifter) (Vaults:1)
  5 torpor snails (Lair:5)
  11 cane toads
  2 hellions
  6 orange demons
  3 unseen horrors
  2 rime drakes (Lair:5)
  6 freezing wraiths
  2 ice devils (Depths:1)
  An efreet (D:13)
  30 yaktaurs
  2 kobold demonologists (D:9)
  A tormentor (Depths:1)
  7 tengu conjurers
  13 komodo dragons
  3 hellwings
  3 polar bears
  5 trolls
  A red devil (Depths:1)
  12 tyrant leeches
  2 bloated husks
  A tarantella (shapeshifter) (D:14)
  20 hornets
  4 saltlings (Orc:2)
  18 blink frogs
  10 dream sheep (Lair:5)
  A culicivora (Vaults:2)
  2 jumping spiders
  A ynoxinul (Depths:1)
  A yak (shapeshifter) (D:15)
  A vampire (D:13)
  37 yaks
  22 slime creatures
  7 wyverns
  A wraith (D:11)
  Grum (D:11)
  2 hogs
  2 steam dragons
  A human (D:11)
  2 redbacks
  A chaos spawn (Depths:2)
  A large abomination (Swamp:4)
  6 vampire mosquitoes
  10 basilisks
  Menkaure (D:4)
  A neqoxec (Depths:1)
  9 swamp worms
  40 nagas
  5 wargs
  A small abomination (Swamp:4)
  An acid dragon (shapeshifter) (D:13)
  2 acid dragons
  9 water moccasins
  Duvessa (D:5)
  2 black bears
  39 orc warriors
  3 ice beasts
  23 ogres
  26 wolves
  9 centaurs
  4 phantoms
  5 kobold brigands
  9 bullfrogs
  A scorpion (D:3)
  A water moccasin skeleton (D:6)
  Dowan (D:5)
  9 killer bees (D:9)
  5 howler monkeys
  3 centaur zombies (D:6)
  4 gnoll boudas (D:8)
  A bullfrog zombie (D:6)
  4 jellies
  13 orc priests
  8 hounds
  5 iguanas
  Jessica (D:2)
  Ijyb (D:4)
  Terence (D:2)
  17 orc wizards
  2 sleepcaps
  A lightning spire (Zot:1)
  14 gnolls
  A howler monkey skeleton (D:6)
  9 adders
  A white imp (D:5)
  4 ufetubi
  3 dart slugs
  2 worms (D:2)
  75 orcs
  5 ball pythons
  4 endoplasms (D:4)
  2 giant cockroaches
  11 goblins
  11 hobgoblins
  8 jackals
  17 kobolds
  2 quokkas
  4 bats
  4 frilled lizards
  3 rats
1853 creatures vanquished.

Vanquished Creatures (others)
  A dire elephant (Vaults:1)
  A deep troll earth mage (Depths:1)
  A deep troll (Vaults:3)
  An orc (Orc:1)
  8 foxfires (Swamp:4)
12 creatures vanquished.

Grand Total: 1865 creatures vanquished

Notes
Turn   | Place    | Note
-------+----------+-------------------------------------------
     0 | D:1      | qw the Gargoyle Hunter began the quest for the Orb.
     0 | D:1      | Reached XP level 1. HP: 12/12 MP: 1/1
     0 | D:1      | 0 ||| qw: Version: 0.3-a-76-g4403597
     0 | D:1      | 0 ||| qw: Game counter: 1276
     0 | D:1      | 0 ||| qw: Melee chars always use a shield: true
     0 | D:1      | 0 ||| qw: God list: Okawaru
     0 | D:1      | 0 ||| qw: Allow faded altars: false
     0 | D:1      | 0 ||| qw: Do Orc after clearing Dungeon:15 true
     0 | D:1      | 0 ||| qw: Do second Lair branch before Depths: true
     0 | D:1      | 0 ||| qw: Lair rune preference: random
     0 | D:1      | 0 ||| qw: Goals: Normal
     0 | D:1      | 0 ||| PLANNING D:1-11
   419 | D:1      | Reached XP level 2. HP: 17/17 MP: 2/2
   680 | D:1      | Found a faded altar of an unknown god.
   680 | D:1      | Noticed a balrug
   875 | D:1      | 875 ||| UPGRADING to +0 ring mail.
   885 | D:1      | 885 ||| DROPPING +0 leather armour.
   886 | D:1      | 886 ||| UPGRADING to amulet of the acrobat.
   891 | D:1      | 891 ||| UPGRADING to +6 ring of strength.
   892 | D:1      | 892 ||| READING scroll labelled MIL RASHUA.
   893 | D:1      | 893 ||| READING scroll labelled NAIVET JESUFIL.
   894 | D:1      | 894 ||| READING scroll labelled SUQEEN BAFETZIERCH.
   895 | D:1      | 895 ||| READING scroll labelled VEWKUA CIRO.
   896 | D:1      | 896 ||| DROPPING scroll of butterflies.
   996 | D:2      | Identified the +1 pair of gloves of Yklen {Dex+4}
  1042 | D:2      | Reached skill level 1 in Armour
  1139 | D:2      | Noticed Jessica
  1141 | D:2      | 1141 ||| RETREATING.
  1151 | D:2      | Killed Jessica
  1152 | D:2      | Reached XP level 3. HP: 20/21 MP: 3/3
  1214 | D:2      | Reached XP level 4. HP: 27/27 MP: 4/4
  1258 | D:2      | Noticed Terence
  1278 | D:2      | Killed Terence
  1279 | D:2      | Reached skill level 3 in Fighting
  1599 | D:2      | 1599 ||| UPGRADING to +1 pair of gloves of Yklen {Dex+4}.
  1604 | D:2      | 1604 ||| READING scroll labelled TIRIEB ZAQAM EJUUF.
  1605 | D:2      | 1605 ||| READING scroll labelled NUXAECV LISH.
  1606 | D:2      | 1606 ||| READING scroll labelled GEKUVOUDEN.
  1682 | D:3      | Noticed a scorpion
  1696 | D:3      | Killed a scorpion
  1697 | D:3      | Reached XP level 5. HP: 17/32 MP: 5/5
  1776 | D:3      | Reached skill level 6 in Ranged Weapons
  1833 | D:3      | Found a white marble altar of Elyvilon.
  2092 | D:3      | Reached skill level 4 in Fighting
  2200 | D:3      | 2200 ||| READING scroll labelled ERUUR OBRERRESUCW.
  2201 | D:3      | 2201 ||| READING scroll labelled BUIGADDALE.
  2201 | D:3      | Identified a scroll of acquirement
  2201 | D:3      | 2201 ||| ACQUIRING +10 orcbow of Destiny {drain, rPois}
  2201 | D:3      | Acquired the +10 orcbow of Destiny {drain, rPois}
  2203 | D:3      | 2203 ||| SWAPPING to +10 orcbow of Destiny {drain, rPois}.
  2204 | D:3      | 2204 ||| DROPPING +1 shortbow.
  2205 | D:3      | 2205 ||| DRINKING 3 lumpy silvery potions.
  2310 | D:3      | 2310 ||| READING 2 scrolls of identify.
  2310 | D:3      | 2310 ||| IDENTIFYING smoky dark potion
  2311 | D:3      | 2311 ||| DROPPING potion of magic.
  2312 | D:3      | 2312 ||| DROPPING 2 potions of berserk rage.
  2349 | D:4      | Reached XP level 6. HP: 38/38 MP: 6/6
  2478 | D:4      | Noticed Menkaure
  2479 | D:4      | 2479 ||| FLEEEEING.
  2480 | D:4      | 2480 ||| FLEEEEING.
  2487 | D:4      | 2487 ||| STAIRDANCE
  2508 | D:3      | 2508 ||| READING scroll labelled YRUXKER GYNIQA.
  2609 | D:3      | 2609 ||| READING 2 scrolls of identify.
  2609 | D:3      | 2609 ||| IDENTIFYING murky clear potion
  2615 | D:4      | Killed Menkaure
  2616 | D:4      | Reached XP level 7. HP: 43/43 MP: 7/7
  2652 | D:4      | Noticed Ijyb
  2658 | D:4      | Killed Ijyb
  2659 | D:4      | 2659 ||| FLEEEEING.
  2660 | D:4      | 2660 ||| FLEEEEING.
  2661 | D:4      | 2661 ||| FLEEEEING.
  2662 | D:4      | 2662 ||| FLEEEEING.
  2663 | D:4      | 2663 ||| FLEEEEING.
  2664 | D:4      | 2664 ||| FLEEEEING.
  2665 | D:4      | 2665 ||| FLEEEEING.
  2666 | D:4      | 2666 ||| FLEEEEING.
  2667 | D:4      | 2667 ||| FLEEEEING.
  2668 | D:4      | 2668 ||| FLEEEEING.
  2669 | D:4      | 2669 ||| FLEEEEING.
  2670 | D:4      | 2670 ||| FLEEEEING.
  2671 | D:4      | 2671 ||| FLEEEEING.
  2672 | D:4      | 2672 ||| FLEEEEING.
  2673 | D:4      | 2673 ||| FLEEEEING.
  2674 | D:4      | 2674 ||| FLEEEEING.
  2675 | D:4      | 2675 ||| FLEEEEING.
  2677 | D:4      | 2677 ||| FLEEEEING.
  2678 | D:4      | 2678 ||| FLEEEEING.
  2679 | D:4      | 2679 ||| STAIRDANCE
  2906 | D:4      | Found a shimmering blue altar of Sif Muna.
  3043 | D:4      | 3043 ||| UPGRADING to +3 leather armour.
  3053 | D:4      | 3053 ||| UPGRADING to +0 pair of boots.
  3058 | D:4      | 3058 ||| DROPPING +0 ring mail.
  3059 | D:4      | 3059 ||| READING 2 scrolls of identify.
  3059 | D:4      | 3059 ||| IDENTIFYING bubbling black potion
  3060 | D:4      | 3060 ||| DROPPING potion of degeneration.
  3074 | D:5      | Entered Level 5 of the Dungeon
  3188 | D:5      | Found a hide-covered altar of Uskayaw.
  3302 | D:5      | Reached skill level 5 in Fighting
  3352 | D:5      | Noticed Duvessa
  3353 | D:5      | Noticed Dowan
  3358 | D:5      | Killed Duvessa
  3359 | D:5      | Reached XP level 8. HP: 49/49 MP: 8/8
  3367 | D:5      | Killed Dowan
  3449 | D:5      | Noticed a two-headed ogre
  3454 | D:5      | Killed a two-headed ogre
  3457 | D:5      | Found a staircase to the Ecumenical Temple.
  3458 | D:5      | 3458 ||| PLANNING TEMPLE
  3624 | D:5      | 3624 ||| DROPPING +0 leather armour of cold resistance.
  3701 | Temple   | Entered the Ecumenical Temple
  3702 | Temple   | 3702 ||| PLANNING OKAWARU WORSHIP
  3728 | Temple   | Became a worshipper of Warmaster Okawaru
  3729 | Temple   | 3729 ||| PLANNING D:1-11
  3857 | D:5      | 3857 ||| STAIRDANCE
  3862 | D:4      | Reached skill level 3 in Dodging
  3862 | D:4      | Reached XP level 9. HP: 44/54 MP: 9/9
  3942 | D:5      | 3942 ||| DRINKING 2 golden potions.
  3943 | D:5      | 3943 ||| DROPPING potion of brilliance.
  4044 | D:6      | 4044 ||| RETREATING.
  4048 | D:6      | Reached skill level 6 in Fighting
  4057 | D:6      | Reached skill level 3 in Armour
  4057 | D:6      | Reached * piety under Okawaru
  4061 | D:6      | Reached skill level 7 in Fighting
  4063 | D:6      | Reached skill level 1 in Invocations
  4169 | D:6      | 4169 ||| INVOKING Heroism.
  4177 | D:6      | Reached skill level 3 in Invocations
  4241 | D:6      | 4241 ||| READING scroll of acquirement.
  4241 | D:6      | 4241 ||| ACQUIRING +6 ring of dexterity
  4241 | D:6      | Acquired a +6 ring of dexterity
  4243 | D:6      | 4243 ||| UPGRADING to ring of see invisible.
  4331 | D:6      | Reached ** piety under Okawaru
  4491 | D:6      | 4491 ||| UPGRADING to +6 ring of dexterity.
  4493 | D:6      | 4493 ||| READING 2 scrolls of identify.
  4493 | D:6      | 4493 ||| IDENTIFYING clear potion
  4620 | D:7      | 4620 ||| Stepping ~*~*~tactically~*~*~ (outnumbered).
  4622 | D:7      | 4622 ||| Stepping ~*~*~tactically~*~*~ (outnumbered).
  4627 | D:7      | 4627 ||| Stepping ~*~*~tactically~*~*~ (outnumbered).
  4628 | D:7      | 4628 ||| INVOKING Heroism.
  4630 | D:7      | 4630 ||| Stepping ~*~*~tactically~*~*~ (outnumbered).
  4636 | D:7      | Reached XP level 10. HP: 63/63 MP: 10/13
  4725 | D:7      | 4725 ||| INVOKING Heroism.
  4813 | D:7      | Noticed Joseph
  4813 | D:7      | Paralysed by Joseph for 2 turns
  4818 | D:7      | Paralysed by Joseph for 3 turns
  4823 | D:7      | Killed Joseph
  5121 | D:7      | 5121 ||| READING scroll labelled DAQUDGH AWENOO.
  5122 | D:7      | 5122 ||| DRINKING 2 silvery potions.
  5323 | D:8      | Reached skill level 8 in Fighting
  5327 | D:8      | 5327 ||| Stepping ~*~*~tactically~*~*~ (outnumbered).
  5329 | D:8      | 5329 ||| Stepping ~*~*~tactically~*~*~ (outnumbered).
  5330 | D:8      | 5330 ||| Stepping ~*~*~tactically~*~*~ (outnumbered).
  5597 | D:8      | 5597 ||| INVOKING Heroism.
  5598 | D:8      | 5598 ||| Stepping ~*~*~tactically~*~*~ (outnumbered).
  5599 | D:8      | 5599 ||| Stepping ~*~*~tactically~*~*~ (outnumbered).
  5600 | D:8      | 5600 ||| Stepping ~*~*~tactically~*~*~ (outnumbered).
  5660 | D:8      | 5660 ||| INVOKING Heroism.
  5697 | D:8      | 5697 ||| Stepping ~*~*~tactically~*~*~ (outnumbered).
  5699 | D:8      | 5699 ||| Stepping ~*~*~tactically~*~*~ (outnumbered).
  5703 | D:8      | 5703 ||| INVOKING Heroism.
  5732 | D:8      | 5732 ||| RETREATING.
  5733 | D:8      | 5733 ||| Stepping ~*~*~tactically~*~*~ (retreating).
  5734 | D:8      | 5734 ||| Stepping ~*~*~tactically~*~*~ (retreating).
  5737 | D:8      | 5737 ||| Stepping ~*~*~tactically~*~*~ (retreating).
  5738 | D:8      | 5738 ||| Stepping ~*~*~tactically~*~*~ (retreating).
  5830 | D:8      | 5830 ||| Stepping ~*~*~tactically~*~*~ (outnumbered).
  5832 | D:8      | 5832 ||| Stepping ~*~*~tactically~*~*~ (outnumbered).
  5834 | D:8      | 5834 ||| Stepping ~*~*~tactically~*~*~ (outnumbered).
  5836 | D:8      | 5836 ||| INVOKING Heroism.
  5847 | D:8      | Reached skill level 12 in Ranged Weapons
  5956 | D:8      | 5956 ||| INVOKING Heroism.
  6477 | D:8      | 6477 ||| UPGRADING to +2 cloak of preservation.
  6482 | D:8      | 6482 ||| READING 3 scrolls of identify.
  6482 | D:8      | 6482 ||| IDENTIFYING bubbling red potion
  6483 | D:8      | 6483 ||| READING 2 scrolls of identify.
  6483 | D:8      | 6483 ||| IDENTIFYING yellow potion
  6484 | D:8      | 6484 ||| DROPPING potion of ambrosia.
  6485 | D:8      | 6485 ||| DROPPING potion of attraction.
  6583 | D:9      | 6583 ||| INVOKING Heroism.
  6684 | D:9      | 6684 ||| INVOKING Heroism.
  6707 | D:9      | Found a stormy altar of Qazlal.
  6842 | D:9      | Noticed a kobold demonologist
  6844 | D:9      | Killed a kobold demonologist
  6844 | D:9      | Reached *** piety under Okawaru
  6846 | D:9      | Noticed a kobold demonologist
  6849 | D:9      | Killed a kobold demonologist
  6850 | D:9      | Reached XP level 11. HP: 68/68 MP: 14/14
  6869 | D:9      | 6869 ||| INVOKING Heroism.
  7016 | D:9      | Found a flagged portal.
  7109 | D:9      | Noticed a two-headed ogre
  7110 | D:9      | 7110 ||| INVOKING Heroism.
  7112 | D:9      | Killed a two-headed ogre
  7113 | D:9      | Reached skill level 9 in Fighting
  7213 | D:9      | Noticed a two-headed ogre
  7214 | D:9      | 7214 ||| INVOKING Heroism.
  7218 | D:9      | Killed a two-headed ogre
  7413 | D:9      | 7413 ||| UPGRADING to +0 helmet.
  7461 | D:10     | Entered Level 10 of the Dungeon
  7494 | D:10     | Reached **** piety under Okawaru
  7646 | D:10     | Reached skill level 6 in Dodging
  7649 | D:10     | 7649 ||| INVOKING Heroism.
  7668 | D:10     | 7668 ||| Stepping ~*~*~tactically~*~*~ (outnumbered).
  7670 | D:10     | 7670 ||| Stepping ~*~*~tactically~*~*~ (outnumbered).
  7672 | D:10     | 7672 ||| Stepping ~*~*~tactically~*~*~ (outnumbered).
  7686 | D:10     | 7686 ||| INVOKING Heroism.
  7735 | D:10     | 7735 ||| INVOKING Heroism.
  7750 | D:10     | Found a staircase to the Orcish Mines.
  7960 | D:10     | 7960 ||| DRINKING 2 purple potions.
  7961 | D:10     | 7961 ||| DRINKING 2 murky orange potions.
  7985 | D:10     | 7985 ||| READING 2 scrolls of identify.
  7985 | D:10     | 7985 ||| IDENTIFYING bubbling amethyst potion
  7986 | D:10     | 7986 ||| DRINKING potion of experience.
  7986 | D:10     | Reached XP level 12. HP: 76/76 MP: 14/18
  8011 | D:10     | 8011 ||| DROPPING potion of lignification.
  8031 | D:11     | 8031 ||| INVOKING Heroism.
  8057 | D:11     | Reached skill level 9 in Invocations
  8101 | D:11     | Noticed a boulder beetle
  8102 | D:11     | 8102 ||| INVOKING Heroism.
  8111 | D:11     | Killed a boulder beetle
  8144 | D:11     | Reached skill level 10 in Fighting
  8155 | D:11     | Noticed a two-headed ogre
  8158 | D:11     | Killed a two-headed ogre
  8209 | D:11     | 8209 ||| INVOKING Heroism.
  8374 | D:11     | Reached skill level 15 in Ranged Weapons
  8398 | D:11     | Reached XP level 13. HP: 82/82 MP: 20/20
  8413 | D:11     | 8413 ||| INVOKING Heroism.
  8443 | D:11     | Noticed Harold
  8444 | D:11     | 8444 ||| INVOKING Heroism.
  8451 | D:11     | 8451 ||| Stepping ~*~*~tactically~*~*~ (retreating).
  8452 | D:11     | 8452 ||| Stepping ~*~*~tactically~*~*~ (retreating).
  8453 | D:11     | 8453 ||| Stepping ~*~*~tactically~*~*~ (retreating).
  8454 | D:11     | 8454 ||| RETREATING.
  8456 | D:11     | 8456 ||| Stepping ~*~*~tactically~*~*~ (outnumbered).
  8469 | D:11     | Killed Harold
  8553 | D:11     | Found a staircase to the Lair.
  8685 | D:11     | 8685 ||| RETREATING.
  8687 | D:11     | 8687 ||| Stepping ~*~*~tactically~*~*~ (retreating).
  8690 | D:11     | 8690 ||| Stepping ~*~*~tactically~*~*~ (retreating).
  8703 | D:11     | Reached ***** piety under Okawaru
  8826 | D:11     | Noticed Grum
  8827 | D:11     | 8827 ||| RETREATING.
  8955 | D:11     | 8955 ||| INVOKING Heroism.
  9024 | D:11     | 9024 ||| INVOKING Heroism.
  9127 | D:11     | 9127 ||| INVOKING Heroism.
  9128 | D:11     | 9128 ||| INVOKING Finesse.
  9133 | D:11     | Killed Grum
  9193 | D:11     | Noticed a fire dragon
  9194 | D:11     | 9194 ||| UPGRADING to +0 troll leather armour.
  9199 | D:11     | 9199 ||| Stepping ~*~*~tactically~*~*~ (retreating).
  9200 | D:11     | 9200 ||| INVOKING Heroism.
  9201 | D:11     | 9201 ||| Stepping ~*~*~tactically~*~*~ (retreating).
  9202 | D:11     | 9202 ||| Stepping ~*~*~tactically~*~*~ (retreating).
  9209 | D:11     | Killed a fire dragon
  9364 | D:11     | 9364 ||| UPGRADING to +3 leather armour.
  9369 | D:11     | 9369 ||| UPGRADING to +0 troll leather armour.
  9379 | D:11     | 9379 ||| DROPPING +3 leather armour.
  9478 | D:11     | 9478 ||| PLANNING LAIR
  9478 | D:11     | 9478 ||| READING scroll labelled RYLUKL YSAUMOF.
  9479 | D:11     | 9479 ||| READING 2 scrolls of identify.
  9479 | D:11     | 9479 ||| IDENTIFYING murky emerald potion
  9614 | Lair:1   | Entered Level 1 of the Lair of Beasts
  9657 | Lair:1   | 9657 ||| Stepping ~*~*~tactically~*~*~ (retreating).
  9692 | Lair:1   | 9692 ||| INVOKING Heroism.
  9905 | Lair:1   | 9905 ||| INVOKING Heroism.
  9997 | Lair:1   | 9997 ||| INVOKING Heroism.
 10046 | Lair:1   | 10046 ||| RETREATING.
 10083 | Lair:1   | Reached skill level 11 in Fighting
 10455 | Lair:2   | 10455 ||| STAIRDANCE
 10462 | Lair:2   | 10462 ||| STAIRDANCE
 10474 | Lair:2   | 10474 ||| STAIRDANCE
 10476 | Lair:1   | 10476 ||| Stepping ~*~*~tactically~*~*~ (retreating).
 10477 | Lair:1   | 10477 ||| Stepping ~*~*~tactically~*~*~ (retreating).
 10478 | Lair:1   | 10478 ||| Stepping ~*~*~tactically~*~*~ (retreating).
 10479 | Lair:1   | 10479 ||| Stepping ~*~*~tactically~*~*~ (retreating).
 10480 | Lair:1   | 10480 ||| Stepping ~*~*~tactically~*~*~ (retreating).
 10481 | Lair:1   | 10481 ||| INVOKING Heroism.
 10507 | Lair:2   | 10507 ||| STAIRDANCE
 10539 | Lair:2   | 10539 ||| INVOKING Heroism.
 10618 | Lair:2   | Found a staircase to the Snake Pit.
 10654 | Lair:2   | Found a transporter.
 10685 | Lair:2   | Found a staircase to the Swamp.
 10685 | Lair:2   | Noticed an eleionoma
 10689 | Lair:2   | Killed an eleionoma
 10696 | Lair:2   | 10696 ||| RETREATING.
 10697 | Lair:2   | 10697 ||| Stepping ~*~*~tactically~*~*~ (retreating).
 10698 | Lair:2   | 10698 ||| Stepping ~*~*~tactically~*~*~ (retreating).
 10699 | Lair:2   | 10699 ||| Stepping ~*~*~tactically~*~*~ (retreating).
 10700 | Lair:2   | 10700 ||| Stepping ~*~*~tactically~*~*~ (retreating).
 10701 | Lair:2   | 10701 ||| Stepping ~*~*~tactically~*~*~ (retreating).
 10841 | Lair:2   | Found a transporter.
 10883 | Lair:2   | 10883 ||| INVOKING Heroism.
 10987 | Lair:2   | 10987 ||| INVOKING Heroism.
 11020 | Lair:2   | Reached skill level 12 in Fighting
 11357 | Lair:2   | 11357 ||| READING scroll labelled LEOCEU BOMU.
 11358 | Lair:2   | 11358 ||| DRINKING 2 orange potions.
 11389 | Lair:3   | Gained mutation: Your large and strong wings let you fly.
                  | [Gargoyle growth]
 11389 | Lair:3   | Reached XP level 14. HP: 92/92 MP: 21/21
 11425 | Lair:3   | Reached skill level 6 in Armour
 11566 | Lair:3   | 11566 ||| INVOKING Heroism.
 11585 | Lair:3   | 11585 ||| INVOKING Finesse.
 11635 | Lair:3   | 11635 ||| READING scroll of enchant armour.
 11635 | Lair:3   | 11635 ||| ENCHANTING +0 helmet.
 12127 | Lair:3   | 12127 ||| DROPPING +6 ring of strength.
 12128 | Lair:3   | 12128 ||| DROPPING ring of protection from cold.
 12129 | Lair:3   | 12129 ||| UPGRADING to +5 ring of evasion.
 12131 | Lair:3   | 12131 ||| DROPPING ring of see invisible.
 12132 | Lair:3   | 12132 ||| READING scroll labelled DAURHI BOCETA.
 12193 | Lair:4   | Reached skill level 9 in Dodging
 12287 | Lair:4   | 12287 ||| READING 2 scrolls of enchant armour.
 12287 | Lair:4   | 12287 ||| ENCHANTING +1 helmet.
 12288 | Lair:4   | 12288 ||| READING scroll of enchant armour.
 12288 | Lair:4   | 12288 ||| ENCHANTING +0 pair of boots.
 12398 | Lair:4   | 12398 ||| INVOKING Heroism.
 12399 | Lair:4   | 12399 ||| INVOKING Finesse.
 12785 | Lair:5   | Entered Level 5 of the Lair of Beasts
 12785 | Lair:5   | Found a viscous altar of Jiyva.
 12785 | Lair:5   | Found a staircase to the Slime Pits.
 12822 | Lair:5   | 12822 ||| RETREATING.
 12913 | Lair:5   | Reached skill level 13 in Fighting
 12929 | Lair:5   | Found a runed translucent door.
 12931 | Lair:5   | 12931 ||| INVOKING Heroism.
 12964 | Lair:5   | 12964 ||| INVOKING Heroism.
 12966 | Lair:5   | 12966 ||| Stepping ~*~*~tactically~*~*~ (retreating).
 12967 | Lair:5   | 12967 ||| Stepping ~*~*~tactically~*~*~ (retreating).
 12968 | Lair:5   | 12968 ||| Stepping ~*~*~tactically~*~*~ (retreating).
 12969 | Lair:5   | 12969 ||| Stepping ~*~*~tactically~*~*~ (retreating).
 13005 | Lair:5   | 13005 ||| INVOKING Heroism.
 13008 | Lair:5   | 13008 ||| Stepping ~*~*~tactically~*~*~ (retreating).
 13009 | Lair:5   | 13009 ||| Stepping ~*~*~tactically~*~*~ (retreating).
 13010 | Lair:5   | 13010 ||| Stepping ~*~*~tactically~*~*~ (retreating).
 13097 | Lair:5   | 13097 ||| INVOKING Heroism.
 13193 | Lair:5   | 13193 ||| RETREATING.
 13197 | Lair:5   | 13197 ||| Stepping ~*~*~tactically~*~*~ (retreating).
 13200 | Lair:5   | 13200 ||| Stepping ~*~*~tactically~*~*~ (retreating).
 13234 | Lair:5   | 13234 ||| INVOKING Heroism.
 13235 | Lair:5   | 13235 ||| INVOKING Finesse.
 13324 | Lair:5   | 13324 ||| RETREATING.
 13327 | Lair:5   | 13327 ||| Stepping ~*~*~tactically~*~*~ (retreating).
 13333 | Lair:5   | 13333 ||| Stepping ~*~*~tactically~*~*~ (retreating).
 13339 | Lair:5   | Reached skill level 14 in Fighting
 13346 | Lair:5   | 13346 ||| Stepping ~*~*~tactically~*~*~ (retreating).
 13453 | Lair:5   | 13453 ||| RETREATING.
 13670 | Lair:5   | 13670 ||| INVOKING Heroism.
 13771 | Lair:5   | 13771 ||| Stepping ~*~*~tactically~*~*~ (retreating).
 13771 | Lair:5   | Found a large runed translucent door.
 13772 | Lair:5   | 13772 ||| Stepping ~*~*~tactically~*~*~ (retreating).
 13804 | Lair:5   | 13804 ||| Stepping ~*~*~tactically~*~*~ (retreating).
 13824 | Lair:5   | 13824 ||| FLEEEEING.
 13840 | Lair:5   | 13840 ||| INVOKING Heroism.
 13841 | Lair:5   | 13841 ||| INVOKING Finesse.
 13860 | Lair:5   | Reached XP level 15. HP: 101/101 MP: 15/22
 13908 | Lair:5   | Received a gift from Okawaru
 13949 | Lair:5   | Reached skill level 15 in Fighting
 13956 | Lair:5   | 13956 ||| INVOKING Heroism.
 14023 | Lair:5   | Found a large runed translucent door.
 14027 | Lair:5   | Noticed qw's ghost (journeyman GrFi)
 14416 | Lair:5   | 14416 ||| PLANNING D
 14416 | Lair:5   | 14416 ||| DROPPING +2 robe of cold resistance.
 14417 | Lair:5   | 14417 ||| UPGRADING to amulet of faith.
 14677 | D:12     | Noticed Kirke
 14678 | D:12     | 14678 ||| RETREATING.
 14680 | D:12     | 14680 ||| Stepping ~*~*~tactically~*~*~ (retreating).
 14681 | D:12     | 14681 ||| STAIRDANCE
 14686 | D:12     | 14686 ||| STAIRDANCE
 14693 | D:12     | 14693 ||| STAIRDANCE
 14700 | D:12     | 14700 ||| STAIRDANCE
 14702 | D:11     | 14702 ||| INVOKING Heroism.
 14703 | D:11     | 14703 ||| Stepping ~*~*~tactically~*~*~ (retreating).
 14704 | D:11     | 14704 ||| Stepping ~*~*~tactically~*~*~ (retreating).
 14705 | D:11     | 14705 ||| Stepping ~*~*~tactically~*~*~ (retreating).
 14706 | D:11     | 14706 ||| Stepping ~*~*~tactically~*~*~ (retreating).
 14707 | D:11     | 14707 ||| INVOKING Finesse.
 14711 | D:11     | Killed Kirke
 14828 | D:12     | Identified the ring "Uvetujax" {rCorr Str+6}
 15017 | D:12     | 15017 ||| FLEEEEING.
 15018 | D:12     | 15018 ||| FLEEEEING.
 15025 | D:12     | 15025 ||| FLEEEEING.
 15026 | D:12     | 15026 ||| FLEEEEING.
 15027 | D:12     | 15027 ||| FLEEEEING.
 15028 | D:12     | 15028 ||| FLEEEEING.
 15029 | D:12     | 15029 ||| FLEEEEING.
 15030 | D:12     | 15030 ||| FLEEEEING.
 15034 | D:12     | 15034 ||| STAIRDANCE
 15136 | D:11     | 15136 ||| DROPPING amulet of magic regeneration.
 15137 | D:11     | 15137 ||| DROPPING ring "Uvetujax" {rCorr Str+6}.
 15140 | D:12     | 15140 ||| STAIRDANCE
 15153 | D:12     | 15153 ||| STAIRDANCE
 15176 | D:12     | 15176 ||| STAIRDANCE
 15350 | D:13     | 15350 ||| INVOKING Heroism.
 15352 | D:13     | 15352 ||| Stepping ~*~*~tactically~*~*~ (outnumbered).
 15508 | D:13     | Identified the +0 ring mail "Seyj" {Int+3}
 15566 | D:13     | Received a gift from Okawaru
 15568 | D:13     | 15568 ||| SWAPPING to +6 longbow of freezing.
 15569 | D:13     | 15569 ||| DROPPING +10 orcbow of Destiny {drain, rPois}.
 15570 | D:13     | 15570 ||| READING scroll of enchant weapon.
 15570 | D:13     | 15570 ||| ENCHANTING +6 longbow of freezing.
 15693 | D:13     | 15693 ||| RETREATING.
 15775 | D:13     | Found the +4 consecrated labrys {holy, Valiant Fragile Fly
                  | SInv}
 15777 | D:13     | 15777 ||| INVOKING Heroism.
 15778 | D:13     | 15778 ||| INVOKING Finesse.
 15824 | D:13     | Identified the +6 rapier of Uncertain Death {heavy, rElec
                  | rCorr Int+4 SInv}
 15825 | D:13     | Identified the ring of Ahacror {Contam Drain rC+++ rCorr
                  | MP+9}
 16083 | D:13     | Found a portal to a secret trove of treasure.
 16183 | D:13     | 16183 ||| RETREATING.
 16193 | D:13     | 16193 ||| INVOKING Heroism.
 16219 | D:13     | Found a gate to the Vaults.
 16226 | D:13     | 16226 ||| READING scroll of enchant weapon.
 16226 | D:13     | 16226 ||| ENCHANTING +7 longbow of freezing.
 16257 | D:13     | 16257 ||| DROPPING +0 ring mail "Seyj" {Int+3}.
 16258 | D:13     | 16258 ||| UPGRADING to ring of Ahacror {Contam Drain rC+++
                  | rCorr MP+9}.
 16301 | D:13     | 16301 ||| DROPPING +6 ring of intelligence.
 16302 | D:13     | 16302 ||| READING 6 scrolls of identify.
 16302 | D:13     | 16302 ||| IDENTIFYING puce potion
 16459 | D:14     | Noticed Nessos
 16460 | D:14     | 16460 ||| INVOKING Finesse.
 16470 | D:14     | Killed Nessos
 16548 | D:14     | Identified the +5 rapier of the Devouring Ancients {drain,
                  | rC- Dex+4 SInv}
 16650 | D:14     | Found an opulent altar of Gozag.
 16661 | D:14     | 16661 ||| RETREATING.
 16669 | D:14     | 16669 ||| Stepping ~*~*~tactically~*~*~ (outnumbered).
 16672 | D:14     | 16672 ||| RETREATING.
 16783 | D:14     | 16783 ||| FLEEEEING.
 16983 | D:15     | Entered Level 15 of the Dungeon
 17001 | D:15     | 17001 ||| RETREATING.
 17004 | D:15     | 17004 ||| Stepping ~*~*~tactically~*~*~ (retreating).
 17006 | D:15     | 17006 ||| Stepping ~*~*~tactically~*~*~ (retreating).
 17007 | D:15     | 17007 ||| Stepping ~*~*~tactically~*~*~ (retreating).
 17008 | D:15     | 17008 ||| Stepping ~*~*~tactically~*~*~ (retreating).
 17010 | D:15     | 17010 ||| Stepping ~*~*~tactically~*~*~ (retreating).
 17027 | D:15     | 17027 ||| FLEEEEING.
 17028 | D:15     | 17028 ||| FLEEEEING.
 17040 | D:15     | Noticed Agnes
 17041 | D:15     | 17041 ||| INVOKING Heroism.
 17042 | D:15     | 17042 ||| INVOKING Finesse.
 17048 | D:15     | Killed Agnes
 17178 | D:15     | 17178 ||| INVOKING Heroism.
 17183 | D:15     | 17183 ||| INVOKING Finesse.
 17184 | D:15     | Received a gift from Okawaru
 17193 | D:15     | Reached XP level 16. HP: 108/108 MP: 23/23
 17238 | D:15     | Found a staircase to the Depths.
 17247 | D:15     | 17247 ||| RETREATING.
 17249 | D:15     | 17249 ||| RETREATING.
 17250 | D:15     | 17250 ||| INVOKING Heroism.
 17255 | D:15     | 17255 ||| Stepping ~*~*~tactically~*~*~ (retreating).
 17265 | D:15     | Reached skill level 18 in Ranged Weapons
 17354 | D:15     | Found a huge runed gate.
 17354 | D:15     | Found a huge runed gate.
 17354 | D:15     | Found a huge runed gate.
 17354 | D:15     | Found a huge runed gate.
 17354 | D:15     | Found a huge runed gate.
 17354 | D:15     | Found a huge runed gate.
 17354 | D:15     | Found a huge runed gate.
 17354 | D:15     | Found a huge runed gate.
 17355 | D:15     | Found a huge runed gate.
 17361 | D:15     | Found a huge runed gate.
 17361 | D:15     | Found a huge runed gate.
 17361 | D:15     | Found a huge runed gate.
 17361 | D:15     | Found a huge runed gate.
 17361 | D:15     | Found a huge runed gate.
 17361 | D:15     | Found a huge runed gate.
 17362 | D:15     | Found a huge runed gate.
 17363 | D:15     | Found a huge runed gate.
 17371 | D:15     | Found a huge runed gate.
 17386 | D:15     | Found a huge runed gate.
 17387 | D:15     | Found a huge runed gate.
 17387 | D:15     | Found a huge runed gate.
 17389 | D:15     | Found a huge runed gate.
 17391 | D:15     | Found a huge runed gate.
 17401 | D:15     | Found a huge runed gate.
 17402 | D:15     | Found a huge runed gate.
 17402 | D:15     | Found a huge runed gate.
 17402 | D:15     | Found a huge runed gate.
 17412 | D:15     | Found a huge runed gate.
 17412 | D:15     | Found a huge runed gate.
 17413 | D:15     | Noticed Jorgrun
 17414 | D:15     | 17414 ||| INVOKING Heroism.
 17415 | D:15     | 17415 ||| INVOKING Finesse.
 17420 | D:15     | Killed Jorgrun
 17464 | D:15     | Identified the +7 longbow of Darkness {heavy, Dex+2}
                  | (Okawaru gifted it to you on level 15 of the Dungeon)
 17464 | D:15     | Received a gift from Okawaru
 17466 | D:15     | 17466 ||| SWAPPING to +7 longbow of Darkness {heavy,
                  | Dex+2}.
 17467 | D:15     | 17467 ||| DROPPING +8 longbow of freezing.
 17529 | D:15     | Found a huge runed gate.
 17529 | D:15     | Found a huge runed gate.
 17531 | D:15     | Found a huge runed gate.
 17531 | D:15     | Found a huge runed gate.
 17532 | D:15     | Found a huge runed gate.
 17532 | D:15     | Found a huge runed gate.
 17532 | D:15     | Found a huge runed gate.
 17713 | D:15     | 17713 ||| PLANNING ORC
 17855 | Orc:1    | Entered Level 1 of the Orcish Mines
 17900 | Orc:1    | 17900 ||| Stepping ~*~*~tactically~*~*~ (outnumbered).
 17902 | Orc:1    | 17902 ||| INVOKING Heroism.
 17903 | Orc:1    | 17903 ||| RETREATING.
 17910 | Orc:1    | 17910 ||| RETREATING.
 17911 | Orc:1    | 17911 ||| Stepping ~*~*~tactically~*~*~ (retreating).
 17933 | Orc:1    | 17933 ||| INVOKING Finesse.
 18084 | Orc:1    | 18084 ||| DROPPING +0 robe of fire resistance.
 18094 | Orc:2    | Entered Level 2 of the Orcish Mines
 18106 | Orc:2    | 18106 ||| Stepping ~*~*~tactically~*~*~ (outnumbered).
 18107 | Orc:2    | 18107 ||| Stepping ~*~*~tactically~*~*~ (outnumbered).
 18108 | Orc:2    | 18108 ||| Stepping ~*~*~tactically~*~*~ (outnumbered).
 18109 | Orc:2    | 18109 ||| Stepping ~*~*~tactically~*~*~ (outnumbered).
 18110 | Orc:2    | 18110 ||| Stepping ~*~*~tactically~*~*~ (outnumbered).
 18111 | Orc:2    | 18111 ||| Stepping ~*~*~tactically~*~*~ (outnumbered).
 18112 | Orc:2    | 18112 ||| Stepping ~*~*~tactically~*~*~ (outnumbered).
 18113 | Orc:2    | 18113 ||| Stepping ~*~*~tactically~*~*~ (outnumbered).
 18114 | Orc:2    | 18114 ||| Stepping ~*~*~tactically~*~*~ (outnumbered).
 18115 | Orc:2    | 18115 ||| Stepping ~*~*~tactically~*~*~ (outnumbered).
 18116 | Orc:2    | 18116 ||| Stepping ~*~*~tactically~*~*~ (outnumbered).
 18117 | Orc:2    | 18117 ||| Stepping ~*~*~tactically~*~*~ (outnumbered).
 18117 | Orc:2    | Found Mexzasku's Jewellery Boutique.
 18118 | Orc:2    | 18118 ||| Stepping ~*~*~tactically~*~*~ (outnumbered).
 18119 | Orc:2    | 18119 ||| Stepping ~*~*~tactically~*~*~ (outnumbered).
 18119 | Orc:2    | Found a staircase to the Elven Halls.
 18120 | Orc:2    | 18120 ||| Stepping ~*~*~tactically~*~*~ (outnumbered).
 18121 | Orc:2    | 18121 ||| Stepping ~*~*~tactically~*~*~ (outnumbered).
 18122 | Orc:2    | 18122 ||| Stepping ~*~*~tactically~*~*~ (outnumbered).
 18123 | Orc:2    | 18123 ||| Stepping ~*~*~tactically~*~*~ (outnumbered).
 18124 | Orc:2    | 18124 ||| Stepping ~*~*~tactically~*~*~ (outnumbered).
 18125 | Orc:2    | 18125 ||| Stepping ~*~*~tactically~*~*~ (outnumbered).
 18126 | Orc:2    | 18126 ||| Stepping ~*~*~tactically~*~*~ (outnumbered).
 18127 | Orc:2    | 18127 ||| Stepping ~*~*~tactically~*~*~ (outnumbered).
 18129 | Orc:2    | 18129 ||| Stepping ~*~*~tactically~*~*~ (outnumbered).
 18157 | Orc:2    | 18157 ||| Stepping ~*~*~tactically~*~*~ (outnumbered).
 18162 | Orc:2    | 18162 ||| INVOKING Heroism.
 18163 | Orc:2    | 18163 ||| INVOKING Finesse.
 18173 | Orc:2    | 18173 ||| RETREATING.
 18180 | Orc:2    | 18180 ||| Stepping ~*~*~tactically~*~*~ (outnumbered).
 18209 | Orc:2    | 18209 ||| DROPPING +1 robe of fire resistance.
 18220 | Orc:1    | Noticed Erica
 18221 | Orc:1    | 18221 ||| Stepping ~*~*~tactically~*~*~ (retreating).
 18222 | Orc:1    | 18222 ||| Stepping ~*~*~tactically~*~*~ (retreating).
 18223 | Orc:1    | 18223 ||| Stepping ~*~*~tactically~*~*~ (retreating).
 18224 | Orc:1    | 18224 ||| Stepping ~*~*~tactically~*~*~ (retreating).
 18228 | Orc:1    | 18228 ||| INVOKING Finesse.
 18247 | Orc:1    | Killed Erica
 18277 | Orc:1    | 18277 ||| Stepping ~*~*~tactically~*~*~ (outnumbered).
 18278 | Orc:1    | 18278 ||| INVOKING Heroism.
 18279 | Orc:1    | 18279 ||| INVOKING Finesse.
 18280 | Orc:1    | 18280 ||| RETREATING.
 18288 | Orc:1    | 18288 ||| Stepping ~*~*~tactically~*~*~ (outnumbered).
 18291 | Orc:1    | 18291 ||| Stepping ~*~*~tactically~*~*~ (outnumbered).
 18299 | Orc:1    | 18299 ||| Stepping ~*~*~tactically~*~*~ (outnumbered).
 18736 | Orc:2    | 18736 ||| INVOKING Heroism.
 18761 | Orc:2    | Paralysed by an orc sorcerer for 4 turns
 18765 | Orc:2    | 18765 ||| Stepping ~*~*~tactically~*~*~ (retreating).
 18766 | Orc:2    | 18766 ||| Stepping ~*~*~tactically~*~*~ (retreating).
 18767 | Orc:2    | 18767 ||| Stepping ~*~*~tactically~*~*~ (retreating).
 18768 | Orc:2    | 18768 ||| Stepping ~*~*~tactically~*~*~ (retreating).
 18775 | Orc:2    | 18775 ||| INVOKING Heroism.
 18775 | Orc:2    | HP: 16/107 [orc knight/+0 halberd (12)]
 18776 | Orc:2    | 18776 ||| READING 14 scrolls of teleportation.
 18777 | Orc:2    | 18777 ||| DRINKING 3 potions of heal wounds.
 18867 | Orc:2    | 18867 ||| INVOKING Heroism.
 18915 | Orc:2    | Found Epreq's Armour Boutique.
 18918 | Orc:2    | 18918 ||| RETREATING.
 18919 | Orc:2    | 18919 ||| FLEEEEING.
 18927 | Orc:2    | 18927 ||| INVOKING Heroism.
 18967 | Orc:2    | 18967 ||| INVOKING Heroism.
 18994 | Orc:2    | Found Hiuph's Weapon Shoppe.
 19012 | Orc:2    | Found Usuazoh's Book Shop.
 19025 | Orc:2    | 19025 ||| INVOKING Heroism.
 19133 | Orc:2    | Found Reudgh's Magic Scroll Shop.
 19143 | Orc:2    | 19143 ||| BUYING 3 scrolls of teleportation (153 gold).
 19143 | Orc:2    | Bought 3 scrolls of teleportation for 153 gold pieces
 19143 | Orc:2    | 19143 ||| BUYING scroll of identify (34 gold).
 19143 | Orc:2    | Bought a scroll of identify for 34 gold pieces
 19231 | Orc:2    | 19231 ||| PLANNING SWAMP:1-3
 19454 | Swamp:1  | Entered Level 1 of the Swamp
 19454 | Swamp:1  | Noticed a thorn hunter
 19455 | Swamp:1  | 19455 ||| INVOKING Heroism.
 19459 | Swamp:1  | 19459 ||| STAIRDANCE
 19461 | Lair:2   | Killed a thorn hunter
 19490 | Swamp:1  | 19490 ||| STAIRDANCE
 19504 | Swamp:1  | 19504 ||| INVOKING Heroism.
 19577 | Swamp:1  | 19577 ||| INVOKING Heroism.
 19601 | Swamp:1  | 19601 ||| READING scroll of acquirement.
 19601 | Swamp:1  | 19601 ||| ACQUIRING amulet "Qielutut" {*Corrode rElec
                  | Regen+ Str+4}
 19601 | Swamp:1  | Acquired the amulet "Qielutut" {*Corrode rElec Regen+
                  | Str+4}
 19603 | Swamp:1  | 19603 ||| DROPPING amulet of the acrobat.
 19711 | Swamp:1  | Reached skill level 16 in Fighting
 19712 | Swamp:1  | Found a runed translucent door.
 19725 | Swamp:1  | 19725 ||| READING scroll of acquirement.
 19725 | Swamp:1  | 19725 ||| ACQUIRING 1006 gold pieces
 19725 | Swamp:1  | Acquired 1006 gold pieces
 19767 | Swamp:1  | 19767 ||| INVOKING Heroism.
 19845 | Swamp:1  | Noticed a tentacled monstrosity
 19846 | Swamp:1  | 19846 ||| INVOKING Heroism.
 19849 | Swamp:1  | Killed a tentacled monstrosity
 20020 | Swamp:1  | 20020 ||| DROPPING +4 ring of protection.
 20199 | Swamp:2  | Reached XP level 17. HP: 115/115 MP: 24/24
 20337 | Swamp:2  | Received a gift from Okawaru
 20494 | Swamp:2  | 20494 ||| READING 9 scrolls of identify.
 20494 | Swamp:2  | 20494 ||| IDENTIFYING red potion
 20593 | Swamp:3  | 20593 ||| INVOKING Heroism.
 20655 | Swamp:3  | 20655 ||| INVOKING Heroism.
 20657 | Swamp:3  | 20657 ||| RETREATING.
 20666 | Swamp:3  | 20666 ||| Stepping ~*~*~tactically~*~*~ (retreating).
 20667 | Swamp:3  | 20667 ||| Stepping ~*~*~tactically~*~*~ (retreating).
 20668 | Swamp:3  | 20668 ||| Stepping ~*~*~tactically~*~*~ (retreating).
 20669 | Swamp:3  | 20669 ||| Stepping ~*~*~tactically~*~*~ (retreating).
 20670 | Swamp:3  | 20670 ||| Stepping ~*~*~tactically~*~*~ (retreating).
 20673 | Swamp:3  | 20673 ||| Stepping ~*~*~tactically~*~*~ (retreating).
 20679 | Swamp:3  | Reached skill level 12 in Dodging
 20726 | Swamp:3  | 20726 ||| INVOKING Heroism.
 20807 | Swamp:3  | Reached skill level 9 in Armour
 20821 | Swamp:3  | 20821 ||| INVOKING Heroism.
 20853 | Swamp:3  | 20853 ||| Stepping ~*~*~tactically~*~*~ (outnumbered).
 20882 | Swamp:3  | Found a runed translucent gate.
 20883 | Swamp:3  | Found a runed translucent gate.
 20884 | Swamp:3  | Found a runed translucent gate.
 21039 | Swamp:3  | Noticed KCGemini's ghost (journeyman FeBe)
 21042 | Swamp:3  | 21042 ||| PLANNING SNAKE:1-3
 21119 | Snake:1  | Entered Level 1 of the Snake Pit
 21192 | Snake:1  | Found a runed translucent gate.
 21192 | Snake:1  | Found a runed translucent gate.
 21192 | Snake:1  | Found a runed translucent gate.
 21235 | Snake:1  | 21235 ||| Stepping ~*~*~tactically~*~*~ (outnumbered).
 21237 | Snake:1  | 21237 ||| Stepping ~*~*~tactically~*~*~ (outnumbered).
 21241 | Snake:1  | 21241 ||| Stepping ~*~*~tactically~*~*~ (retreating).
 21242 | Snake:1  | 21242 ||| Stepping ~*~*~tactically~*~*~ (retreating).
 21244 | Snake:1  | 21244 ||| RETREATING.
 21248 | Snake:1  | 21248 ||| Stepping ~*~*~tactically~*~*~ (retreating).
 21249 | Snake:1  | 21249 ||| Stepping ~*~*~tactically~*~*~ (retreating).
 21250 | Snake:1  | 21250 ||| Stepping ~*~*~tactically~*~*~ (outnumbered).
 21252 | Snake:1  | 21252 ||| Stepping ~*~*~tactically~*~*~ (outnumbered).
 21640 | Snake:1  | 21640 ||| DROPPING +2 hat.
 21648 | Snake:2  | 21648 ||| STAIRDANCE
 21666 | Snake:2  | 21666 ||| INVOKING Heroism.
 21699 | Snake:2  | 21699 ||| INVOKING Heroism.
 21702 | Snake:2  | 21702 ||| Stepping ~*~*~tactically~*~*~ (outnumbered).
 21706 | Snake:2  | Reached skill level 17 in Fighting
 21726 | Snake:2  | 21726 ||| RETREATING.
 21833 | Snake:2  | 21833 ||| RETREATING.
 21849 | Snake:2  | 21849 ||| Stepping ~*~*~tactically~*~*~ (retreating).
 21853 | Snake:2  | 21853 ||| INVOKING Heroism.
 21900 | Snake:2  | Identified the +2 pair of boots "Gaul Unu" {Regen+ Int+3}
                  | (Okawaru gifted it to you on level 2 of the Snake Pit)
 21900 | Snake:2  | Received a gift from Okawaru
 21995 | Snake:2  | Identified the +4 scimitar of Xom's Anger {vamp, rF+++}
 22219 | Snake:2  | 22219 ||| INVOKING Heroism.
 22371 | Snake:2  | 22371 ||| RETREATING.
 22381 | Snake:2  | 22381 ||| Stepping ~*~*~tactically~*~*~ (retreating).
 22397 | Snake:2  | 22397 ||| INVOKING Heroism.
 22442 | Snake:2  | 22442 ||| Stepping ~*~*~tactically~*~*~ (outnumbered).
 22560 | Snake:2  | 22560 ||| INVOKING Heroism.
 22562 | Snake:2  | 22562 ||| Stepping ~*~*~tactically~*~*~ (outnumbered).
 22569 | Snake:2  | 22569 ||| Stepping ~*~*~tactically~*~*~ (outnumbered).
 22571 | Snake:2  | 22571 ||| Stepping ~*~*~tactically~*~*~ (outnumbered).
 22748 | Snake:2  | 22748 ||| UPGRADING to +2 pair of boots "Gaul Unu" {Regen+
                  | Int+3}.
 22758 | Snake:2  | 22758 ||| DROPPING +1 pair of boots.
 22792 | Snake:3  | 22792 ||| STAIRDANCE
 22835 | Snake:3  | 22835 ||| INVOKING Heroism.
 22838 | Snake:3  | 22838 ||| RETREATING.
 22839 | Snake:3  | 22839 ||| RETREATING.
 22840 | Snake:3  | 22840 ||| Stepping ~*~*~tactically~*~*~ (retreating).
 22841 | Snake:3  | 22841 ||| Stepping ~*~*~tactically~*~*~ (retreating).
 22842 | Snake:3  | 22842 ||| Stepping ~*~*~tactically~*~*~ (retreating).
 22843 | Snake:3  | 22843 ||| Stepping ~*~*~tactically~*~*~ (retreating).
 22844 | Snake:3  | 22844 ||| Stepping ~*~*~tactically~*~*~ (retreating).
 22874 | Snake:3  | 22874 ||| FLEEEEING.
 22876 | Snake:3  | 22876 ||| FLEEEEING.
 22877 | Snake:3  | 22877 ||| FLEEEEING.
 22878 | Snake:3  | 22878 ||| Stepping ~*~*~tactically~*~*~ (outnumbered).
 22886 | Snake:3  | 22886 ||| STAIRDANCE
 23007 | Snake:3  | 23007 ||| INVOKING Heroism.
 23024 | Snake:3  | 23024 ||| INVOKING Heroism.
 23026 | Snake:3  | 23026 ||| Stepping ~*~*~tactically~*~*~ (outnumbered).
 23035 | Snake:3  | Reached skill level 18 in Fighting
 23155 | Snake:3  | Reached XP level 18. HP: 125/125 MP: 25/25
 23157 | Snake:3  | Identified the +0 cloak "Gus Obbu" {Fly rPois Will++ Str-4}
                  | (Okawaru gifted it to you on level 3 of the Snake Pit)
 23157 | Snake:3  | Received a gift from Okawaru
 23166 | Snake:3  | 23166 ||| Stepping ~*~*~tactically~*~*~ (outnumbered).
 23170 | Snake:3  | 23170 ||| Stepping ~*~*~tactically~*~*~ (outnumbered).
 23172 | Snake:3  | 23172 ||| Stepping ~*~*~tactically~*~*~ (outnumbered).
 23173 | Snake:3  | 23173 ||| Stepping ~*~*~tactically~*~*~ (outnumbered).
 23174 | Snake:3  | 23174 ||| Stepping ~*~*~tactically~*~*~ (outnumbered).
 23176 | Snake:3  | 23176 ||| Stepping ~*~*~tactically~*~*~ (outnumbered).
 23177 | Snake:3  | 23177 ||| Stepping ~*~*~tactically~*~*~ (outnumbered).
 23260 | Snake:3  | 23260 ||| Stepping ~*~*~tactically~*~*~ (outnumbered).
 23315 | Snake:3  | 23315 ||| INVOKING Heroism.
 23318 | Snake:3  | 23318 ||| Stepping ~*~*~tactically~*~*~ (outnumbered).
 23324 | Snake:3  | 23324 ||| RETREATING.
 23373 | Snake:3  | 23373 ||| Stepping ~*~*~tactically~*~*~ (outnumbered).
 23470 | Snake:3  | Found Ceuzxeyw's Magic Scroll Shop.
 23473 | Snake:3  | 23473 ||| BUYING 2 scrolls of teleportation (90 gold).
 23473 | Snake:3  | Bought 2 scrolls of teleportation for 90 gold pieces
 23473 | Snake:3  | 23473 ||| BUYING scroll of enchant weapon (112 gold).
 23473 | Snake:3  | Bought a scroll of enchant weapon for 112 gold pieces
 23473 | Snake:3  | 23473 ||| BUYING scroll of teleportation (45 gold).
 23473 | Snake:3  | Bought a scroll of teleportation for 45 gold pieces
 23513 | Snake:3  | 23513 ||| Stepping ~*~*~tactically~*~*~ (outnumbered).
 23516 | Snake:3  | 23516 ||| RETREATING.
 23521 | Snake:3  | 23521 ||| RETREATING.
 23529 | Snake:3  | 23529 ||| Stepping ~*~*~tactically~*~*~ (retreating).
 23530 | Snake:3  | 23530 ||| Stepping ~*~*~tactically~*~*~ (retreating).
 23619 | Snake:3  | Identified the +6 scale mail of Ipigo {rPois rCorr Str+4}
 23699 | Snake:3  | 23699 ||| RETREATING.
 23806 | Snake:3  | 23806 ||| PLANNING SWAMP:4
 23806 | Snake:3  | 23806 ||| UPGRADING to +0 cloak "Gus Obbu" {Fly rPois
                  | Will++ Str-4}.
 23909 | Swamp:4  | Entered Level 4 of the Swamp
 23914 | Swamp:4  | 23914 ||| STAIRDANCE
 23978 | Swamp:4  | 23978 ||| INVOKING Heroism.
 24034 | Swamp:4  | 24034 ||| INVOKING Heroism.
 24157 | Swamp:4  | Received a gift from Okawaru
 24234 | Swamp:4  | 24234 ||| FLEEEEING.
 24237 | Swamp:4  | 24237 ||| FLEEEEING.
 24239 | Swamp:4  | 24239 ||| FLEEEEING.
 24240 | Swamp:4  | 24240 ||| FLEEEEING.
 24241 | Swamp:4  | 24241 ||| FLEEEEING.
 24242 | Swamp:4  | 24242 ||| FLEEEEING.
 24245 | Swamp:4  | 24245 ||| FLEEEEING.
 24246 | Swamp:4  | 24246 ||| FLEEEEING.
 24247 | Swamp:4  | 24247 ||| FLEEEEING.
 24248 | Swamp:4  | 24248 ||| FLEEEEING.
 24249 | Swamp:4  | 24249 ||| FLEEEEING.
 24250 | Swamp:4  | 24250 ||| FLEEEEING.
 24277 | Swamp:4  | 24277 ||| RETREATING.
 24282 | Swamp:4  | 24282 ||| Stepping ~*~*~tactically~*~*~ (retreating).
 24290 | Swamp:4  | 24290 ||| RETREATING.
 24294 | Swamp:4  | 24294 ||| Stepping ~*~*~tactically~*~*~ (retreating).
 24547 | Swamp:4  | 24547 ||| Stepping ~*~*~tactically~*~*~ (outnumbered).
 24549 | Swamp:4  | 24549 ||| Stepping ~*~*~tactically~*~*~ (outnumbered).
 24552 | Swamp:4  | 24552 ||| RETREATING.
 24553 | Swamp:4  | 24553 ||| Stepping ~*~*~tactically~*~*~ (outnumbered).
 24554 | Swamp:4  | 24554 ||| RETREATING.
 24555 | Swamp:4  | 24555 ||| Stepping ~*~*~tactically~*~*~ (outnumbered).
 24556 | Swamp:4  | 24556 ||| RETREATING.
 24557 | Swamp:4  | 24557 ||| Stepping ~*~*~tactically~*~*~ (outnumbered).
 24558 | Swamp:4  | 24558 ||| RETREATING.
 24562 | Swamp:4  | Reached skill level 19 in Fighting
 24564 | Swamp:4  | 24564 ||| Stepping ~*~*~tactically~*~*~ (outnumbered).
 24569 | Swamp:4  | 24569 ||| FLEEEEING.
 24570 | Swamp:4  | 24570 ||| RETREATING.
 24589 | Swamp:4  | 24589 ||| Stepping ~*~*~tactically~*~*~ (retreating).
 24656 | Swamp:4  | Got a decaying rune of Zot
 24682 | Swamp:4  | Received a gift from Okawaru
 24715 | Swamp:4  | 24715 ||| PLANNING VAULTS:1-4
 24715 | Swamp:4  | 24715 ||| DROPPING scarf of shadows.
 24716 | Swamp:4  | 24716 ||| DROPPING ring of willpower.
 25023 | Vaults:1 | Entered Level 1 of the Vaults
 25063 | Vaults:1 | 25063 ||| Stepping ~*~*~tactically~*~*~ (retreating).
 25064 | Vaults:1 | 25064 ||| Stepping ~*~*~tactically~*~*~ (retreating).
 25065 | Vaults:1 | 25065 ||| Stepping ~*~*~tactically~*~*~ (retreating).
 25066 | Vaults:1 | 25066 ||| Stepping ~*~*~tactically~*~*~ (retreating).
 25067 | Vaults:1 | 25067 ||| Stepping ~*~*~tactically~*~*~ (retreating).
 25068 | Vaults:1 | 25068 ||| Stepping ~*~*~tactically~*~*~ (retreating).
 25069 | Vaults:1 | 25069 ||| Stepping ~*~*~tactically~*~*~ (retreating).
 25070 | Vaults:1 | 25070 ||| Stepping ~*~*~tactically~*~*~ (retreating).
 25073 | Vaults:1 | 25073 ||| RETREATING.
 25166 | Vaults:1 | 25166 ||| FLEEEEING.
 25176 | Vaults:1 | 25176 ||| FLEEEEING.
 25177 | Vaults:1 | 25177 ||| FLEEEEING.
 25178 | Vaults:1 | 25178 ||| FLEEEEING.
 25179 | Vaults:1 | 25179 ||| RETREATING.
 25181 | Vaults:1 | 25181 ||| FLEEEEING.
 25182 | Vaults:1 | 25182 ||| FLEEEEING.
 25183 | Vaults:1 | 25183 ||| Stepping ~*~*~tactically~*~*~ (retreating).
 25184 | Vaults:1 | 25184 ||| Stepping ~*~*~tactically~*~*~ (retreating).
 25187 | Vaults:1 | 25187 ||| Stepping ~*~*~tactically~*~*~ (retreating).
 25188 | Vaults:1 | 25188 ||| Stepping ~*~*~tactically~*~*~ (retreating).
 25195 | Vaults:1 | 25195 ||| Stepping ~*~*~tactically~*~*~ (retreating).
 25197 | Vaults:1 | 25197 ||| INVOKING Heroism.
 25201 | Vaults:1 | Reached skill level 15 in Dodging
 25206 | Vaults:1 | Reached XP level 19. HP: 74/132 MP: 26/26
 25280 | Vaults:1 | Received a gift from Okawaru
 25337 | Vaults:1 | Found a large runed translucent door.
 25337 | Vaults:1 | Noticed qw's ghost (adept GrHu)
 25338 | Vaults:1 | Found a large runed translucent door.
 25433 | Vaults:1 | 25433 ||| Stepping ~*~*~tactically~*~*~ (outnumbered).
 25435 | Vaults:1 | 25435 ||| Stepping ~*~*~tactically~*~*~ (outnumbered).
 25442 | Vaults:1 | 25442 ||| Stepping ~*~*~tactically~*~*~ (outnumbered).
 25444 | Vaults:1 | 25444 ||| RETREATING.
 25483 | Vaults:1 | 25483 ||| RETREATING.
 25503 | Vaults:1 | 25503 ||| INVOKING Heroism.
 25512 | Vaults:1 | Reached ****** piety under Okawaru
 25513 | Vaults:1 | HP: 24/134 [vault warden/+3 great sword of electrocution
                  | (30)]
 25514 | Vaults:1 | 25514 ||| READING 21 scrolls of teleportation.
 25515 | Vaults:1 | 25515 ||| DRINKING 3 potions of heal wounds.
 25518 | Vaults:1 | 25518 ||| INVOKING Heroism.
 25607 | Vaults:1 | Identified the +1 sling of Moderation {freeze, rN+ Int+6}
                  | (Okawaru gifted it to you on level 1 of the Vaults)
 25607 | Vaults:1 | Received a gift from Okawaru
 25695 | Vaults:1 | Reached skill level 20 in Fighting
 25757 | Vaults:1 | 25757 ||| FLEEEEING.
 25758 | Vaults:1 | 25758 ||| FLEEEEING.
 25759 | Vaults:1 | 25759 ||| FLEEEEING.
 25766 | Vaults:1 | 25766 ||| FLEEEEING.
 25975 | Vaults:1 | 25975 ||| RETREATING.
 25980 | Vaults:1 | 25980 ||| Stepping ~*~*~tactically~*~*~ (retreating).
 25981 | Vaults:1 | 25981 ||| Stepping ~*~*~tactically~*~*~ (retreating).
 25987 | Vaults:1 | 25987 ||| INVOKING Heroism.
 26053 | Vaults:1 | 26053 ||| Stepping ~*~*~tactically~*~*~ (retreating).
 26054 | Vaults:1 | 26054 ||| Stepping ~*~*~tactically~*~*~ (retreating).
 26060 | Vaults:1 | 26060 ||| Stepping ~*~*~tactically~*~*~ (retreating).
 26061 | Vaults:1 | 26061 ||| Stepping ~*~*~tactically~*~*~ (retreating).
 26062 | Vaults:1 | 26062 ||| Stepping ~*~*~tactically~*~*~ (retreating).
 26286 | Vaults:2 | 26286 ||| STAIRDANCE
 26353 | Vaults:2 | 26353 ||| STAIRDANCE
 26540 | Vaults:2 | 26540 ||| RETREATING.
 26556 | Vaults:2 | 26556 ||| Stepping ~*~*~tactically~*~*~ (retreating).
 26558 | Vaults:2 | 26558 ||| Stepping ~*~*~tactically~*~*~ (retreating).
 26559 | Vaults:2 | 26559 ||| Stepping ~*~*~tactically~*~*~ (retreating).
 26560 | Vaults:2 | 26560 ||| Stepping ~*~*~tactically~*~*~ (retreating).
 26561 | Vaults:2 | 26561 ||| Stepping ~*~*~tactically~*~*~ (retreating).
 26566 | Vaults:2 | 26566 ||| Stepping ~*~*~tactically~*~*~ (retreating).
 26568 | Vaults:2 | 26568 ||| Stepping ~*~*~tactically~*~*~ (retreating).
 26575 | Vaults:2 | Received a gift from Okawaru
 26577 | Vaults:2 | 26577 ||| SWAPPING to +2 triple crossbow of draining.
 26578 | Vaults:2 | 26578 ||| DROPPING +7 longbow of Darkness {heavy, Dex+2}.
 26579 | Vaults:2 | 26579 ||| READING 2 scrolls of enchant weapon.
 26579 | Vaults:2 | 26579 ||| ENCHANTING +2 triple crossbow of draining.
 26580 | Vaults:2 | 26580 ||| READING scroll of enchant weapon.
 26580 | Vaults:2 | 26580 ||| ENCHANTING +3 triple crossbow of draining.
 26636 | Vaults:2 | Found the +27 heavy crossbow "Sniper" {heavy, Acc+∞ SInv}
 26642 | Vaults:2 | 26642 ||| SWAPPING to +27 heavy crossbow "Sniper" {heavy,
                  | Acc+∞ SInv}.
 26643 | Vaults:2 | 26643 ||| DROPPING +4 triple crossbow of draining.
 26689 | Vaults:2 | Identified the ring "Linabaoz" {rF+ Will+ Str+6 Int-4}
 26702 | Vaults:2 | 26702 ||| RETREATING.
 26715 | Vaults:2 | 26715 ||| Stepping ~*~*~tactically~*~*~ (retreating).
 26716 | Vaults:2 | 26716 ||| Stepping ~*~*~tactically~*~*~ (retreating).
 26717 | Vaults:2 | 26717 ||| Stepping ~*~*~tactically~*~*~ (retreating).
 26718 | Vaults:2 | 26718 ||| Stepping ~*~*~tactically~*~*~ (retreating).
 26719 | Vaults:2 | 26719 ||| Stepping ~*~*~tactically~*~*~ (retreating).
 26847 | Vaults:2 | 26847 ||| RETREATING.
 26854 | Vaults:2 | 26854 ||| FLEEEEING.
 26875 | Vaults:2 | 26875 ||| Stepping ~*~*~tactically~*~*~ (retreating).
 26876 | Vaults:2 | 26876 ||| Stepping ~*~*~tactically~*~*~ (retreating).
 26877 | Vaults:2 | 26877 ||| Stepping ~*~*~tactically~*~*~ (retreating).
 26878 | Vaults:2 | 26878 ||| Stepping ~*~*~tactically~*~*~ (retreating).
 26879 | Vaults:2 | 26879 ||| Stepping ~*~*~tactically~*~*~ (retreating).
 26884 | Vaults:2 | 26884 ||| Stepping ~*~*~tactically~*~*~ (outnumbered).
 26885 | Vaults:2 | 26885 ||| Stepping ~*~*~tactically~*~*~ (retreating).
 26886 | Vaults:2 | 26886 ||| Stepping ~*~*~tactically~*~*~ (retreating).
 26889 | Vaults:2 | 26889 ||| Stepping ~*~*~tactically~*~*~ (retreating).
 26890 | Vaults:2 | 26890 ||| Stepping ~*~*~tactically~*~*~ (retreating).
 26891 | Vaults:2 | 26891 ||| Stepping ~*~*~tactically~*~*~ (retreating).
 26892 | Vaults:2 | 26892 ||| Stepping ~*~*~tactically~*~*~ (retreating).
 26893 | Vaults:2 | 26893 ||| Stepping ~*~*~tactically~*~*~ (retreating).
 27075 | Vaults:2 | 27075 ||| Stepping ~*~*~tactically~*~*~ (outnumbered).
 27077 | Vaults:2 | 27077 ||| Stepping ~*~*~tactically~*~*~ (outnumbered).
 27079 | Vaults:2 | 27079 ||| Stepping ~*~*~tactically~*~*~ (outnumbered).
 27083 | Vaults:2 | 27083 ||| Stepping ~*~*~tactically~*~*~ (outnumbered).
 27086 | Vaults:2 | Received a gift from Okawaru
 27233 | Vaults:2 | 27233 ||| RETREATING.
 27308 | Vaults:2 | 27308 ||| Stepping ~*~*~tactically~*~*~ (retreating).
 27590 | Vaults:2 | 27590 ||| Stepping ~*~*~tactically~*~*~ (outnumbered).
 27592 | Vaults:2 | 27592 ||| Stepping ~*~*~tactically~*~*~ (outnumbered).
 27594 | Vaults:2 | 27594 ||| Stepping ~*~*~tactically~*~*~ (outnumbered).
 27596 | Vaults:2 | 27596 ||| Stepping ~*~*~tactically~*~*~ (outnumbered).
 27599 | Vaults:2 | 27599 ||| Stepping ~*~*~tactically~*~*~ (retreating).
 27604 | Vaults:2 | Reached skill level 21 in Ranged Weapons
 27648 | Vaults:2 | Identified the +1 pair of gloves of Waun {Str+3}
 27664 | Vaults:2 | 27664 ||| DROPPING +2 pair of gloves of strength.
 27665 | Vaults:2 | 27665 ||| DROPPING +1 pair of gloves of Waun {Str+3}.
 27666 | Vaults:2 | 27666 ||| DROPPING ring of protection from fire.
 27667 | Vaults:2 | 27667 ||| UPGRADING to ring "Linabaoz" {rF+ Will+ Str+6
                  | Int-4}.
 27669 | Vaults:2 | 27669 ||| UPGRADING to +6 ring of dexterity.
 27671 | Vaults:2 | 27671 ||| UPGRADING to +2 robe of resistance.
 27671 | Vaults:2 | Gained mutation: You occasionally lose the ability to read
                  | scrolls when taking damage. [mutagenic glow]
 27681 | Vaults:2 | 27681 ||| DRINKING potion of mutation.
 27681 | Vaults:2 | Lost mutation: You occasionally lose the ability to read
                  | scrolls when taking damage. [potion of mutation]
 27681 | Vaults:2 | Gained mutation: You are frail. (-10% HP) [potion of
                  | mutation]
 27681 | Vaults:2 | Gained mutation: You occasionally shout uncontrollably at
                  | your foes. [potion of mutation]
 27681 | Vaults:2 | Gained mutation: You have an increased reservoir of magic.
                  | (+10% MP) [potion of mutation]
 27681 | Vaults:2 | Gained mutation: You have very sharp teeth. [potion of
                  | mutation]
 27848 | Vaults:3 | Noticed Nikola
 27849 | Vaults:3 | 27849 ||| INVOKING Heroism.
 27850 | Vaults:3 | 27850 ||| INVOKING Finesse.
 27853 | Vaults:3 | 27853 ||| RETREATING.
 27854 | Vaults:3 | Killed Nikola
 27855 | Vaults:3 | Reached XP level 20. HP: 90/108 MP: 23/30
 27941 | Vaults:3 | 27941 ||| RETREATING.
 28164 | Vaults:3 | Noticed Margery
 28167 | Vaults:3 | Killed Margery
 28170 | Vaults:3 | 28170 ||| Stepping ~*~*~tactically~*~*~ (retreating).
 28175 | Vaults:3 | 28175 ||| FLEEEEING.
 28421 | Vaults:3 | 28421 ||| DRINKING potion of mutation.
 28421 | Vaults:3 | Lost mutation: You are frail. (-10% HP) [potion of
                  | mutation]
 28421 | Vaults:3 | Lost mutation: You occasionally shout uncontrollably at
                  | your foes. [potion of mutation]
 28421 | Vaults:3 | Gained mutation: You passively map a small area around you.
                  | [potion of mutation]
 28421 | Vaults:3 | Gained mutation: You are partially covered in large bone
                  | plates. (SH +4) [potion of mutation]
 28421 | Vaults:3 | Gained mutation: You passively dampen the noise of your
                  | surroundings. [potion of mutation]
 28464 | Vaults:3 | Found a staircase to the Crypt.
 29011 | Vaults:4 | 29011 ||| INVOKING Heroism.
 29013 | Vaults:4 | Identified the +2 robe of Okawaru's Hope {rElec rC++ Int-4
                  | SInv Archmagi} (Okawaru gifted it to you on level 4 of the
                  | Vaults)
 29013 | Vaults:4 | Received a gift from Okawaru
 29220 | Vaults:4 | Found a runed translucent gate.
 29220 | Vaults:4 | Found a runed translucent gate.
 29220 | Vaults:4 | Found a runed translucent gate.
 29221 | Vaults:4 | Noticed Dacon's ghost (adept MiGl)
 29227 | Vaults:4 | 29227 ||| RETREATING.
 29289 | Vaults:4 | 29289 ||| RETREATING.
 29300 | Vaults:4 | 29300 ||| Stepping ~*~*~tactically~*~*~ (retreating).
 29303 | Vaults:4 | 29303 ||| Stepping ~*~*~tactically~*~*~ (retreating).
 29304 | Vaults:4 | 29304 ||| Stepping ~*~*~tactically~*~*~ (retreating).
 29305 | Vaults:4 | 29305 ||| Stepping ~*~*~tactically~*~*~ (retreating).
 29306 | Vaults:4 | 29306 ||| Stepping ~*~*~tactically~*~*~ (retreating).
 29307 | Vaults:4 | 29307 ||| Stepping ~*~*~tactically~*~*~ (retreating).
 29308 | Vaults:4 | 29308 ||| Stepping ~*~*~tactically~*~*~ (retreating).
 29317 | Vaults:4 | 29317 ||| INVOKING Heroism.
 29527 | Vaults:4 | 29527 ||| RETREATING.
 29636 | Vaults:4 | 29636 ||| RETREATING.
 29660 | Vaults:4 | 29660 ||| RETREATING.
 29669 | Vaults:4 | 29669 ||| Stepping ~*~*~tactically~*~*~ (retreating).
 29670 | Vaults:4 | 29670 ||| Stepping ~*~*~tactically~*~*~ (retreating).
 29671 | Vaults:4 | 29671 ||| Stepping ~*~*~tactically~*~*~ (retreating).
 29672 | Vaults:4 | 29672 ||| Stepping ~*~*~tactically~*~*~ (retreating).
 29673 | Vaults:4 | 29673 ||| Stepping ~*~*~tactically~*~*~ (retreating).
 29674 | Vaults:4 | 29674 ||| Stepping ~*~*~tactically~*~*~ (retreating).
 29678 | Vaults:4 | Reached skill level 21 in Fighting
 29887 | Vaults:4 | Noticed Frederick
 29888 | Vaults:4 | 29888 ||| INVOKING Heroism.
 29889 | Vaults:4 | 29889 ||| INVOKING Finesse.
 29894 | Vaults:4 | Killed Frederick
 30009 | Vaults:4 | 30009 ||| Stepping ~*~*~tactically~*~*~ (outnumbered).
 30010 | Vaults:4 | 30010 ||| Stepping ~*~*~tactically~*~*~ (outnumbered).
 30031 | Vaults:4 | 30031 ||| RETREATING.
 30036 | Vaults:4 | Received a gift from Okawaru
 30313 | Vaults:4 | 30313 ||| PLANNING SNAKE:4
 30313 | Vaults:4 | 30313 ||| DROPPING +0 pair of boots of stealth.
 30314 | Vaults:4 | 30314 ||| UPGRADING to +5 ring of evasion.
 30678 | Snake:4  | Entered Level 4 of the Snake Pit
 30776 | Snake:4  | 30776 ||| Stepping ~*~*~tactically~*~*~ (outnumbered).
 30778 | Snake:4  | 30778 ||| Stepping ~*~*~tactically~*~*~ (outnumbered).
 30782 | Snake:4  | 30782 ||| Stepping ~*~*~tactically~*~*~ (outnumbered).
 30784 | Snake:4  | 30784 ||| Stepping ~*~*~tactically~*~*~ (outnumbered).
 30787 | Snake:4  | 30787 ||| Stepping ~*~*~tactically~*~*~ (outnumbered).
 30788 | Snake:4  | 30788 ||| Stepping ~*~*~tactically~*~*~ (outnumbered).
 30789 | Snake:4  | 30789 ||| Stepping ~*~*~tactically~*~*~ (outnumbered).
 30846 | Snake:4  | 30846 ||| Stepping ~*~*~tactically~*~*~ (outnumbered).
 30847 | Snake:4  | 30847 ||| Stepping ~*~*~tactically~*~*~ (retreating).
 30849 | Snake:4  | 30849 ||| Stepping ~*~*~tactically~*~*~ (outnumbered).
 30850 | Snake:4  | 30850 ||| Stepping ~*~*~tactically~*~*~ (retreating).
 30854 | Snake:4  | 30854 ||| RETREATING.
 30856 | Snake:4  | Reached skill level 22 in Fighting
 30856 | Snake:4  | Reached XP level 21. HP: 146/151 MP: 31/31
 30868 | Snake:4  | 30868 ||| Stepping ~*~*~tactically~*~*~ (outnumbered).
 30875 | Snake:4  | 30875 ||| Stepping ~*~*~tactically~*~*~ (outnumbered).
 30928 | Snake:4  | Found Efoudukh's Self-Improvement Boutique.
 31271 | Snake:4  | Got a serpentine rune of Zot
 31318 | Snake:4  | 31318 ||| PLANNING DEPTHS
 31318 | Snake:4  | 31318 ||| DROPPING amulet of guardian spirit.
 31319 | Snake:4  | 31319 ||| READING scroll labelled TEMIRU NYEMEOF.
 31657 | Depths:1 | Entered Level 1 of the Depths
 31658 | Depths:1 | 31658 ||| PLANNING BAZAAR
 31659 | Depths:1 | 31659 ||| STAIRDANCE
 31742 | Depths:1 | Noticed Sojobo
 31743 | Depths:1 | 31743 ||| RETREATING.
 31746 | Depths:1 | 31746 ||| INVOKING Heroism.
 31747 | Depths:1 | 31747 ||| INVOKING Finesse.
 31759 | Depths:1 | Paralysed by an air elemental for 1 turns
 31763 | Depths:1 | 31763 ||| RETREATING.
 31764 | Depths:1 | Killed Sojobo
 31798 | Depths:1 | Identified the +6 orcbow "Ovvo Int" {flame, Int+3} (Okawaru
                  | gifted it to you on level 1 of the Depths)
 31798 | Depths:1 | Received a gift from Okawaru
 31803 | Depths:1 | 31803 ||| RETREATING.
 31823 | Depths:1 | 31823 ||| RETREATING.
 31844 | Depths:1 | 31844 ||| RETREATING.
 31854 | Depths:1 | 31854 ||| Stepping ~*~*~tactically~*~*~ (retreating).
 31911 | Depths:1 | 31911 ||| RETREATING.
 31915 | Depths:1 | 31915 ||| RETREATING.
 31916 | Depths:1 | 31916 ||| INVOKING Finesse.
 31918 | Depths:1 | 31918 ||| Stepping ~*~*~tactically~*~*~ (retreating).
 31919 | Depths:1 | 31919 ||| Stepping ~*~*~tactically~*~*~ (retreating).
 31922 | Depths:1 | 31922 ||| INVOKING Heroism.
 32146 | Depths:1 | 32146 ||| INVOKING Heroism.
 32158 | Depths:1 | 32158 ||| Stepping ~*~*~tactically~*~*~ (outnumbered).
 32161 | Depths:1 | 32161 ||| Stepping ~*~*~tactically~*~*~ (outnumbered).
 32168 | Depths:1 | 32168 ||| INVOKING Finesse.
 32169 | Depths:1 | 32169 ||| Stepping ~*~*~tactically~*~*~ (outnumbered).
 32187 | Depths:1 | 32187 ||| RETREATING.
 32201 | Depths:1 | 32201 ||| INVOKING Heroism.
 32202 | Depths:1 | Received a gift from Okawaru
 32234 | Depths:1 | Found a shimmering altar of Xom.
 32301 | Depths:1 | 32301 ||| INVOKING Heroism.
 32302 | Depths:1 | 32302 ||| INVOKING Finesse.
 32373 | Depths:1 | 32373 ||| RETREATING.
 32409 | Depths:1 | 32409 ||| RIP BAZAAR
 32428 | Depths:1 | 32428 ||| PLANNING DEPTHS
 32528 | Depths:1 | 32528 ||| INVOKING Heroism.
 32529 | Depths:1 | 32529 ||| INVOKING Finesse.
 32656 | Depths:1 | Found a gateway to Hell.
 32829 | Depths:1 | Found a one-way gate leading to the halls of Pandemonium.
 32830 | Depths:1 | 32830 ||| INVOKING Heroism.
 32902 | Depths:1 | Found Kaazu's Tiny Tomes.
 32986 | Depths:2 | 32986 ||| INVOKING Heroism.
 32987 | Depths:2 | 32987 ||| INVOKING Finesse.
 33192 | Depths:2 | 33192 ||| RETREATING.
 33195 | Depths:2 | 33195 ||| Stepping ~*~*~tactically~*~*~ (retreating).
 33196 | Depths:2 | 33196 ||| Stepping ~*~*~tactically~*~*~ (retreating).
 33201 | Depths:2 | Reached skill level 18 in Dodging
 33206 | Depths:2 | 33206 ||| INVOKING Heroism.
 33212 | Depths:2 | 33212 ||| FLEEEEING.
 33216 | Depths:2 | 33216 ||| INVOKING Heroism.
 33224 | Depths:2 | Identified the +2 robe "Heang" {Contam rN+++ Regen+ Stlth+}
                  | (Okawaru gifted it to you on level 2 of the Depths)
 33224 | Depths:2 | Received a gift from Okawaru
 33239 | Depths:2 | 33239 ||| INVOKING Heroism.
 33357 | Depths:2 | 33357 ||| INVOKING Heroism.
 33358 | Depths:2 | 33358 ||| INVOKING Finesse.
 33373 | Depths:2 | Noticed Mara
 33378 | Depths:2 | Killed Mara
 33404 | Depths:2 | 33404 ||| Stepping ~*~*~tactically~*~*~ (outnumbered).
 33407 | Depths:2 | 33407 ||| Stepping ~*~*~tactically~*~*~ (outnumbered).
 33458 | Depths:2 | Found a one-way gateway to a ziggurat.
 33464 | Depths:2 | 33464 ||| Stepping ~*~*~tactically~*~*~ (retreating).
 33475 | Depths:2 | 33475 ||| FLEEEEING.
 33537 | Depths:2 | 33537 ||| INVOKING Heroism.
 33547 | Depths:2 | 33547 ||| INVOKING Finesse.
 33549 | Depths:2 | Reached skill level 23 in Fighting
 33549 | Depths:2 | Reached XP level 22. HP: 160/160 MP: 26/32
 33777 | Depths:2 | Identified the +8 mace of the Candle {flame, rElec rN+}
 33827 | Depths:2 | 33827 ||| Stepping ~*~*~tactically~*~*~ (outnumbered).
 33921 | Depths:2 | Received a gift from Okawaru
 34077 | Depths:2 | 34077 ||| INVOKING Heroism.
 34078 | Depths:2 | 34078 ||| INVOKING Finesse.
 34112 | Depths:2 | Noticed Norris
 34113 | Depths:2 | 34113 ||| RETREATING.
 34127 | Depths:2 | 34127 ||| RETREATING.
 34141 | Depths:2 | 34141 ||| RETREATING.
 34155 | Depths:2 | 34155 ||| Stepping ~*~*~tactically~*~*~ (retreating).
 34160 | Depths:2 | 34160 ||| Stepping ~*~*~tactically~*~*~ (retreating).
 34161 | Depths:2 | 34161 ||| Stepping ~*~*~tactically~*~*~ (retreating).
 34162 | Depths:2 | 34162 ||| Stepping ~*~*~tactically~*~*~ (retreating).
 34163 | Depths:2 | 34163 ||| Stepping ~*~*~tactically~*~*~ (retreating).
 34164 | Depths:2 | 34164 ||| Stepping ~*~*~tactically~*~*~ (retreating).
 34165 | Depths:2 | 34165 ||| Stepping ~*~*~tactically~*~*~ (retreating).
 34168 | Depths:2 | Killed Norris
 34218 | Depths:2 | 34218 ||| DROPPING +0 troll leather armour.
 34219 | Depths:2 | 34219 ||| READING scroll labelled UFOFEF QAOSULI.
 34260 | Depths:3 | 34260 ||| INVOKING Heroism.
 34523 | Depths:3 | 34523 ||| INVOKING Heroism.
 34535 | Depths:3 | 34535 ||| Stepping ~*~*~tactically~*~*~ (outnumbered).
 34537 | Depths:3 | 34537 ||| Stepping ~*~*~tactically~*~*~ (outnumbered).
 34539 | Depths:3 | 34539 ||| Stepping ~*~*~tactically~*~*~ (outnumbered).
 34541 | Depths:3 | 34541 ||| Stepping ~*~*~tactically~*~*~ (outnumbered).
 34543 | Depths:3 | 34543 ||| Stepping ~*~*~tactically~*~*~ (outnumbered).
 34545 | Depths:3 | 34545 ||| Stepping ~*~*~tactically~*~*~ (outnumbered).
 34586 | Depths:3 | Found a shimmering blue altar of Sif Muna.
 34588 | Depths:3 | 34588 ||| Stepping ~*~*~tactically~*~*~ (outnumbered).
 34589 | Depths:3 | 34589 ||| Stepping ~*~*~tactically~*~*~ (outnumbered).
 34590 | Depths:3 | 34590 ||| Stepping ~*~*~tactically~*~*~ (outnumbered).
 34592 | Depths:3 | 34592 ||| Stepping ~*~*~tactically~*~*~ (outnumbered).
 34594 | Depths:3 | 34594 ||| Stepping ~*~*~tactically~*~*~ (outnumbered).
 34597 | Depths:3 | 34597 ||| Stepping ~*~*~tactically~*~*~ (outnumbered).
 34601 | Depths:3 | 34601 ||| Stepping ~*~*~tactically~*~*~ (outnumbered).
 34612 | Depths:3 | 34612 ||| INVOKING Heroism.
 34644 | Depths:3 | Noticed a dread lich
 34646 | Depths:3 | Noticed a dread lich
 34646 | Depths:3 | 34646 ||| RETREATING.
 34648 | Depths:3 | 34648 ||| Stepping ~*~*~tactically~*~*~ (retreating).
 34649 | Depths:3 | Killed a dread lich
 34650 | Depths:3 | 34650 ||| INVOKING Finesse.
 34653 | Depths:3 | Killed a dread lich
 34715 | Depths:3 | 34715 ||| RETREATING.
 34716 | Depths:3 | 34716 ||| INVOKING Heroism.
 34719 | Depths:3 | 34719 ||| Stepping ~*~*~tactically~*~*~ (retreating).
 34720 | Depths:3 | 34720 ||| Stepping ~*~*~tactically~*~*~ (retreating).
 34857 | Depths:3 | Identified the staff of Instant Death {Will+ Earth}
 34941 | Depths:3 | 34941 ||| RETREATING.
 34986 | Depths:3 | Reached skill level 24 in Fighting
 34994 | Depths:3 | Found a one-way gate to the infinite horrors of the Abyss.
 35133 | Depths:3 | 35133 ||| UPGRADING to quicksilver dragon scales.
 35143 | Depths:3 | 35143 ||| UPGRADING to ring of Ahacror {Contam Drain rC+++
                  | rCorr MP+9}.
 35177 | Depths:3 | 35177 ||| DROPPING ring of magical power.
 35178 | Depths:3 | 35178 ||| DROPPING ring of positive energy.
 35201 | Depths:4 | Entered Level 4 of the Depths
 35205 | Depths:4 | Noticed a golden dragon
 35206 | Depths:4 | 35206 ||| INVOKING Heroism.
 35207 | Depths:4 | 35207 ||| INVOKING Finesse.
 35208 | Depths:4 | Killed a golden dragon
 35315 | Depths:4 | 35315 ||| RETREATING.
 35327 | Depths:4 | 35327 ||| INVOKING Heroism.
 35330 | Depths:4 | Reached skill level 12 in Armour
 35398 | Depths:4 | Found a bloodstained altar of Trog.
 35398 | Depths:4 | Found a shadowy altar of Dithmenos.
 35399 | Depths:4 | Found a glowing golden altar of the Shining One.
 35425 | Depths:4 | Noticed a caustic shrike
 35426 | Depths:4 | 35426 ||| Stepping ~*~*~tactically~*~*~ (retreating).
 35428 | Depths:4 | 35428 ||| INVOKING Heroism.
 35429 | Depths:4 | 35429 ||| INVOKING Finesse.
 35429 | Depths:4 | Noticed a caustic shrike
 35430 | Depths:4 | Killed a caustic shrike
 35430 | Depths:4 | Noticed a caustic shrike
 35433 | Depths:4 | Killed a caustic shrike
 35433 | Depths:4 | Noticed a caustic shrike
 35435 | Depths:4 | Killed a caustic shrike
 35436 | Depths:4 | Killed a caustic shrike
 35442 | Depths:4 | Noticed a caustic shrike
 35444 | Depths:4 | Killed a caustic shrike
 35460 | Depths:4 | Reached XP level 23. HP: 167/167 MP: 33/33
 35487 | Depths:4 | 35487 ||| INVOKING Heroism.
 35488 | Depths:4 | 35488 ||| INVOKING Finesse.
 35546 | Depths:4 | Found a gate to the Realm of Zot.
 35642 | Depths:4 | Noticed a caustic shrike
 35642 | Depths:4 | Noticed a caustic shrike
 35642 | Depths:4 | Noticed a caustic shrike
 35642 | Depths:4 | Noticed a caustic shrike
 35643 | Depths:4 | 35643 ||| RETREATING.
 35647 | Depths:4 | 35647 ||| INVOKING Heroism.
 35647 | Depths:4 | Noticed a caustic shrike
 35648 | Depths:4 | 35648 ||| Stepping ~*~*~tactically~*~*~ (retreating).
 35649 | Depths:4 | 35649 ||| Stepping ~*~*~tactically~*~*~ (retreating).
 35650 | Depths:4 | 35650 ||| Stepping ~*~*~tactically~*~*~ (retreating).
 35651 | Depths:4 | 35651 ||| Stepping ~*~*~tactically~*~*~ (retreating).
 35652 | Depths:4 | 35652 ||| Stepping ~*~*~tactically~*~*~ (retreating).
 35653 | Depths:4 | 35653 ||| Stepping ~*~*~tactically~*~*~ (retreating).
 35654 | Depths:4 | 35654 ||| Stepping ~*~*~tactically~*~*~ (retreating).
 35655 | Depths:4 | 35655 ||| INVOKING Finesse.
 35657 | Depths:4 | Killed a caustic shrike
 35657 | Depths:4 | Received a gift from Okawaru
 35658 | Depths:4 | Killed a caustic shrike
 35660 | Depths:4 | Killed a caustic shrike
 35660 | Depths:4 | Received a gift from Okawaru
 35663 | Depths:4 | Killed a caustic shrike
 35665 | Depths:4 | 35665 ||| INVOKING Heroism.
 35666 | Depths:4 | Killed a caustic shrike
 35730 | Depths:4 | 35730 ||| INVOKING Heroism.
 35732 | Depths:4 | 35732 ||| INVOKING Finesse.
 35800 | Depths:4 | 35800 ||| Stepping ~*~*~tactically~*~*~ (retreating).
 35847 | Depths:4 | 35847 ||| INVOKING Heroism.
 35849 | Depths:4 | 35849 ||| Stepping ~*~*~tactically~*~*~ (retreating).
 35852 | Depths:4 | Reached skill level 15 in Armour
 35883 | Depths:4 | 35883 ||| Stepping ~*~*~tactically~*~*~ (retreating).
 35903 | Depths:4 | 35903 ||| Stepping ~*~*~tactically~*~*~ (outnumbered).
 35923 | Depths:4 | 35923 ||| RETREATING.
 35925 | Depths:4 | 35925 ||| Stepping ~*~*~tactically~*~*~ (outnumbered).
 35955 | Depths:4 | Noticed a juggernaut
 35956 | Depths:4 | 35956 ||| INVOKING Heroism.
 35957 | Depths:4 | 35957 ||| INVOKING Finesse.
 35958 | Depths:4 | 35958 ||| Stepping ~*~*~tactically~*~*~ (retreating).
 35961 | Depths:4 | Killed a juggernaut
 35998 | Depths:4 | 35998 ||| Stepping ~*~*~tactically~*~*~ (outnumbered).
 36002 | Depths:4 | 36002 ||| Stepping ~*~*~tactically~*~*~ (outnumbered).
 36003 | Depths:4 | 36003 ||| INVOKING Heroism.
 36004 | Depths:4 | 36004 ||| INVOKING Finesse.
 36071 | Depths:4 | Identified the +3 orcbow "Weumee" {heavy, +Blink rN++ Will+
                  | Str-3}
 36072 | Depths:4 | 36072 ||| Stepping ~*~*~tactically~*~*~ (outnumbered).
 36074 | Depths:4 | 36074 ||| Stepping ~*~*~tactically~*~*~ (outnumbered).
 36091 | Depths:4 | 36091 ||| Stepping ~*~*~tactically~*~*~ (outnumbered).
 36096 | Depths:4 | 36096 ||| INVOKING Heroism.
 36121 | Depths:4 | Identified the +9 trident "Mismiyff" {venom, rN+ Int+4}
 36154 | Depths:4 | 36154 ||| INVOKING Heroism.
 36156 | Depths:4 | 36156 ||| Stepping ~*~*~tactically~*~*~ (outnumbered).
 36173 | Depths:4 | 36173 ||| INVOKING Finesse.
 36216 | Depths:4 | 36216 ||| Stepping ~*~*~tactically~*~*~ (outnumbered).
 36218 | Depths:4 | 36218 ||| INVOKING Heroism.
 36219 | Depths:4 | 36219 ||| INVOKING Finesse.
 36270 | Depths:4 | Noticed a juggernaut
 36271 | Depths:4 | 36271 ||| INVOKING Heroism.
 36272 | Depths:4 | 36272 ||| INVOKING Finesse.
 36274 | Depths:4 | Killed a juggernaut
 36312 | Depths:4 | 36312 ||| Stepping ~*~*~tactically~*~*~ (outnumbered).
 36324 | Depths:4 | 36324 ||| Stepping ~*~*~tactically~*~*~ (outnumbered).
 36326 | Depths:4 | 36326 ||| Stepping ~*~*~tactically~*~*~ (outnumbered).
 36360 | Depths:4 | 36360 ||| INVOKING Heroism.
 36361 | Depths:4 | Noticed a caustic shrike
 36361 | Depths:4 | 36361 ||| RETREATING.
 36367 | Depths:4 | Reached skill level 18 in Armour
 36371 | Depths:4 | 36371 ||| INVOKING Finesse.
 36372 | Depths:4 | 36372 ||| RETREATING.
 36373 | Depths:4 | Killed a caustic shrike
 36474 | Depths:4 | 36474 ||| PLANNING VAULTS:5
 36474 | Depths:4 | 36474 ||| DROPPING +3 leather armour.
 36818 | Vaults:5 | Entered Level 5 of the Vaults
 36819 | Vaults:5 | 36819 ||| INVOKING Heroism.
 36820 | Vaults:5 | 36820 ||| STAIRDANCE
 36822 | Vaults:4 | 36822 ||| Stepping ~*~*~tactically~*~*~ (retreating).
 36823 | Vaults:4 | 36823 ||| Stepping ~*~*~tactically~*~*~ (retreating).
 36824 | Vaults:4 | 36824 ||| Stepping ~*~*~tactically~*~*~ (retreating).
 36874 | Vaults:5 | 36874 ||| STAIRDANCE
 36876 | Vaults:4 | 36876 ||| Stepping ~*~*~tactically~*~*~ (retreating).
 36877 | Vaults:4 | 36877 ||| Stepping ~*~*~tactically~*~*~ (retreating).
 36878 | Vaults:4 | 36878 ||| Stepping ~*~*~tactically~*~*~ (retreating).
 36879 | Vaults:4 | 36879 ||| Stepping ~*~*~tactically~*~*~ (retreating).
 36880 | Vaults:4 | 36880 ||| Stepping ~*~*~tactically~*~*~ (retreating).
 36881 | Vaults:4 | 36881 ||| Stepping ~*~*~tactically~*~*~ (retreating).
 36882 | Vaults:4 | 36882 ||| Stepping ~*~*~tactically~*~*~ (retreating).
 36883 | Vaults:4 | 36883 ||| Stepping ~*~*~tactically~*~*~ (retreating).
 36895 | Vaults:4 | Identified the +4 longbow "Jellybane" {heavy, rPois}
                  | (Okawaru gifted it to you on level 4 of the Vaults)
 36895 | Vaults:4 | Received a gift from Okawaru
 36935 | Vaults:5 | 36935 ||| STAIRDANCE
 36938 | Vaults:4 | 36938 ||| Stepping ~*~*~tactically~*~*~ (retreating).
 36939 | Vaults:4 | 36939 ||| Stepping ~*~*~tactically~*~*~ (retreating).
 36940 | Vaults:4 | 36940 ||| Stepping ~*~*~tactically~*~*~ (retreating).
 36998 | Vaults:5 | 36998 ||| STAIRDANCE
 37000 | Vaults:4 | 37000 ||| Stepping ~*~*~tactically~*~*~ (retreating).
 37001 | Vaults:4 | 37001 ||| Stepping ~*~*~tactically~*~*~ (retreating).
 37002 | Vaults:4 | 37002 ||| Stepping ~*~*~tactically~*~*~ (retreating).
 37003 | Vaults:4 | 37003 ||| Stepping ~*~*~tactically~*~*~ (retreating).
 37004 | Vaults:4 | 37004 ||| Stepping ~*~*~tactically~*~*~ (retreating).
 37005 | Vaults:4 | 37005 ||| Stepping ~*~*~tactically~*~*~ (retreating).
 37006 | Vaults:4 | 37006 ||| Stepping ~*~*~tactically~*~*~ (retreating).
 37007 | Vaults:4 | 37007 ||| Stepping ~*~*~tactically~*~*~ (retreating).
 37013 | Vaults:4 | Reached XP level 24. HP: 173/173 MP: 33/33
 37056 | Vaults:5 | 37056 ||| INVOKING Heroism.
 37063 | Vaults:5 | 37063 ||| STAIRDANCE
 37145 | Vaults:5 | 37145 ||| INVOKING Heroism.
 37152 | Vaults:5 | 37152 ||| STAIRDANCE
 37154 | Vaults:4 | 37154 ||| Stepping ~*~*~tactically~*~*~ (retreating).
 37155 | Vaults:4 | 37155 ||| Stepping ~*~*~tactically~*~*~ (retreating).
 37156 | Vaults:4 | 37156 ||| Stepping ~*~*~tactically~*~*~ (retreating).
 37160 | Vaults:4 | 37160 ||| Stepping ~*~*~tactically~*~*~ (retreating).
 37161 | Vaults:4 | 37161 ||| Stepping ~*~*~tactically~*~*~ (retreating).
 37165 | Vaults:4 | HP: 43/173 [fire giant/bolt of fire (33)]
 37166 | Vaults:4 | 37166 ||| READING 25 scrolls of teleportation.
 37167 | Vaults:4 | 37167 ||| DRINKING 5 potions of heal wounds.
 37368 | Vaults:5 | Identified the ring "Caen" {Contam rElec EV+5 SInv}
 37373 | Vaults:5 | Noticed an ancient lich
 37374 | Vaults:5 | 37374 ||| INVOKING Heroism.
 37375 | Vaults:5 | 37375 ||| INVOKING Finesse.
 37382 | Vaults:5 | 37382 ||| STAIRDANCE
 37386 | Vaults:4 | Killed an ancient lich
 37473 | Vaults:5 | 37473 ||| Stepping ~*~*~tactically~*~*~ (outnumbered).
 37474 | Vaults:5 | 37474 ||| Stepping ~*~*~tactically~*~*~ (outnumbered).
 37475 | Vaults:5 | 37475 ||| Stepping ~*~*~tactically~*~*~ (outnumbered).
 37509 | Vaults:5 | 37509 ||| Stepping ~*~*~tactically~*~*~ (outnumbered).
 37512 | Vaults:5 | 37512 ||| INVOKING Heroism.
 37513 | Vaults:5 | 37513 ||| Stepping ~*~*~tactically~*~*~ (retreating).
 37514 | Vaults:5 | 37514 ||| RETREATING.
 37515 | Vaults:5 | 37515 ||| Stepping ~*~*~tactically~*~*~ (outnumbered).
 37517 | Vaults:5 | 37517 ||| RETREATING.
 37519 | Vaults:5 | 37519 ||| Stepping ~*~*~tactically~*~*~ (retreating).
 37520 | Vaults:5 | 37520 ||| Stepping ~*~*~tactically~*~*~ (retreating).
 37521 | Vaults:5 | 37521 ||| Stepping ~*~*~tactically~*~*~ (retreating).
 37522 | Vaults:5 | 37522 ||| Stepping ~*~*~tactically~*~*~ (retreating).
 37523 | Vaults:5 | 37523 ||| Stepping ~*~*~tactically~*~*~ (retreating).
 37524 | Vaults:5 | 37524 ||| Stepping ~*~*~tactically~*~*~ (retreating).
 37526 | Vaults:5 | 37526 ||| Stepping ~*~*~tactically~*~*~ (retreating).
 37528 | Vaults:5 | 37528 ||| Stepping ~*~*~tactically~*~*~ (retreating).
 37529 | Vaults:5 | 37529 ||| Stepping ~*~*~tactically~*~*~ (retreating).
 37530 | Vaults:5 | 37530 ||| Stepping ~*~*~tactically~*~*~ (retreating).
 37531 | Vaults:5 | 37531 ||| Stepping ~*~*~tactically~*~*~ (retreating).
 37532 | Vaults:5 | 37532 ||| Stepping ~*~*~tactically~*~*~ (retreating).
 37533 | Vaults:5 | 37533 ||| Stepping ~*~*~tactically~*~*~ (retreating).
 37534 | Vaults:5 | 37534 ||| Stepping ~*~*~tactically~*~*~ (outnumbered).
 37535 | Vaults:5 | 37535 ||| Stepping ~*~*~tactically~*~*~ (retreating).
 37536 | Vaults:5 | 37536 ||| Stepping ~*~*~tactically~*~*~ (retreating).
 37537 | Vaults:5 | 37537 ||| Stepping ~*~*~tactically~*~*~ (retreating).
 37538 | Vaults:5 | 37538 ||| Stepping ~*~*~tactically~*~*~ (retreating).
 37539 | Vaults:5 | 37539 ||| Stepping ~*~*~tactically~*~*~ (retreating).
 37542 | Vaults:5 | 37542 ||| Stepping ~*~*~tactically~*~*~ (outnumbered).
 37543 | Vaults:5 | Paralysed by a floating eye for 4 turns
 37547 | Vaults:5 | 37547 ||| INVOKING Heroism.
 37553 | Vaults:5 | 37553 ||| Stepping ~*~*~tactically~*~*~ (retreating).
 37554 | Vaults:5 | 37554 ||| Stepping ~*~*~tactically~*~*~ (retreating).
 37555 | Vaults:5 | 37555 ||| Stepping ~*~*~tactically~*~*~ (retreating).
 37556 | Vaults:5 | 37556 ||| Stepping ~*~*~tactically~*~*~ (retreating).
 37562 | Vaults:5 | 37562 ||| INVOKING Heroism.
 37575 | Vaults:5 | 37575 ||| INVOKING Heroism.
 37622 | Vaults:5 | 37622 ||| FLEEEEING.
 37624 | Vaults:5 | Received a gift from Okawaru
 37631 | Vaults:5 | 37631 ||| STAIRDANCE
 37674 | Vaults:4 | 37674 ||| DROPPING +5 ring of evasion.
 37729 | Vaults:5 | 37729 ||| INVOKING Heroism.
 37789 | Vaults:5 | Found the +7 great mace "Undeadhunter" {deathbane, rN+}
 37801 | Vaults:5 | Identified the +7 morningstar of Kimeciur {heavy, rN+
                  | Str+5}
 37828 | Vaults:5 | 37828 ||| INVOKING Heroism.
 37887 | Vaults:5 | 37887 ||| RETREATING.
 37984 | Vaults:5 | Reached skill level 21 in Armour
 38036 | Vaults:5 | 38036 ||| FLEEEEING.
 38037 | Vaults:5 | 38037 ||| FLEEEEING.
 38068 | Vaults:5 | 38068 ||| INVOKING Heroism.
 38121 | Vaults:5 | 38121 ||| INVOKING Heroism.
 38222 | Vaults:5 | 38222 ||| INVOKING Heroism.
 38246 | Vaults:5 | Got a silver rune of Zot
 38277 | Vaults:5 | 38277 ||| INVOKING Heroism.
 38301 | Vaults:5 | Identified the +10 mace of Beogh, Mashing {freeze, rElec
                  | rF+ Will+}
 38321 | Vaults:5 | 38321 ||| Stepping ~*~*~tactically~*~*~ (outnumbered).
 38323 | Vaults:5 | 38323 ||| Stepping ~*~*~tactically~*~*~ (outnumbered).
 38325 | Vaults:5 | 38325 ||| Stepping ~*~*~tactically~*~*~ (outnumbered).
 38327 | Vaults:5 | 38327 ||| Stepping ~*~*~tactically~*~*~ (outnumbered).
 38329 | Vaults:5 | 38329 ||| Stepping ~*~*~tactically~*~*~ (outnumbered).
 38331 | Vaults:5 | 38331 ||| Stepping ~*~*~tactically~*~*~ (outnumbered).
 38333 | Vaults:5 | 38333 ||| Stepping ~*~*~tactically~*~*~ (outnumbered).
 38335 | Vaults:5 | 38335 ||| Stepping ~*~*~tactically~*~*~ (outnumbered).
 38338 | Vaults:5 | 38338 ||| FLEEEEING.
 38383 | Vaults:5 | 38383 ||| INVOKING Heroism.
 38663 | Vaults:5 | Found Beileul's General Store.
 38674 | Vaults:5 | 38674 ||| BUYING +0 ring mail "Qestat" {Will+ Int+3 Dex+6}
                  | (532 gold).
 38674 | Vaults:5 | Bought the +0 ring mail "Qestat" {Will+ Int+3 Dex+6} for
                  | 532 gold pieces
 38674 | Vaults:5 | 38674 ||| BUYING potion of curing (45 gold).
 38674 | Vaults:5 | Bought a potion of curing for 45 gold pieces
 38674 | Vaults:5 | 38674 ||| BUYING scroll of enchant armour (112 gold).
 38674 | Vaults:5 | Bought a scroll of enchant armour for 112 gold pieces
 38734 | Vaults:5 | 38734 ||| PLANNING SHOPPING SPREE
 38734 | Vaults:5 | 38734 ||| DROPPING +2 cloak of preservation.
 38735 | Vaults:5 | 38735 ||| DROPPING +2 robe "Heang" {Contam rN+++ Regen+
                  | Stlth+}.
 38736 | Vaults:5 | 38736 ||| DROPPING +1 cloak.
 38737 | Vaults:5 | 38737 ||| DROPPING +2 helmet of intelligence.
 38738 | Vaults:5 | 38738 ||| UPGRADING to +0 ring mail "Qestat" {Will+ Int+3
                  | Dex+6}.
 38748 | Vaults:5 | 38748 ||| DROPPING quicksilver dragon scales.
 38749 | Vaults:5 | 38749 ||| DROPPING ring of fire.
 38750 | Vaults:5 | 38750 ||| PLANNING ZOT:1-4
 39168 | Zot:1    | Entered Level 1 of the Realm of Zot
 39197 | Zot:1    | 39197 ||| INVOKING Heroism.
 39200 | Zot:1    | Received a gift from Okawaru
 39236 | Zot:1    | Reached skill level 25 in Fighting
 39317 | Zot:1    | 39317 ||| RETREATING.
 39318 | Zot:1    | 39318 ||| Stepping ~*~*~tactically~*~*~ (retreating).
 39322 | Zot:1    | 39322 ||| Stepping ~*~*~tactically~*~*~ (retreating).
 39323 | Zot:1    | 39323 ||| INVOKING Heroism.
 39398 | Zot:1    | 39398 ||| Stepping ~*~*~tactically~*~*~ (cloud).
 39435 | Zot:1    | 39435 ||| INVOKING Heroism.
 39533 | Zot:1    | 39533 ||| INVOKING Heroism.
 39564 | Zot:1    | 39564 ||| INVOKING Heroism.
 39567 | Zot:1    | Reached XP level 25. HP: 183/183 MP: 33/33
 39602 | Zot:1    | 39602 ||| RETREATING.
 39603 | Zot:1    | 39603 ||| INVOKING Heroism.
 39805 | Zot:1    | 39805 ||| INVOKING Heroism.
 39887 | Zot:1    | 39887 ||| INVOKING Heroism.
 39930 | Zot:1    | 39930 ||| INVOKING Heroism.
 39932 | Zot:1    | Reached skill level 26 in Fighting
 40019 | Zot:1    | 40019 ||| Stepping ~*~*~tactically~*~*~ (outnumbered).
 40020 | Zot:1    | 40020 ||| INVOKING Heroism.
 40022 | Zot:1    | 40022 ||| RETREATING.
 40042 | Zot:1    | Received a gift from Okawaru
 40046 | Zot:1    | 40046 ||| INVOKING Heroism.
 40111 | Zot:1    | 40111 ||| INVOKING Heroism.
 40154 | Zot:1    | 40154 ||| DROPPING scarf of repulsion.
 40155 | Zot:1    | 40155 ||| UPGRADING to ring "Linabaoz" {rF+ Will+ Str+6
                  | Int-4}.
 40157 | Zot:1    | 40157 ||| UPGRADING to +2 cloak.
 40167 | Zot:1    | 40167 ||| DROPPING ring of wizardry.
 40168 | Zot:1    | Gained mutation: You occasionally lose the ability to read
                  | scrolls when taking damage. [mutagenic glow]
 40235 | Zot:2    | Noticed a Killer Klown
 40236 | Zot:2    | 40236 ||| Stepping ~*~*~tactically~*~*~ (outnumbered).
 40237 | Zot:2    | 40237 ||| RETREATING.
 40238 | Zot:2    | 40238 ||| Stepping ~*~*~tactically~*~*~ (retreating).
 40239 | Zot:2    | 40239 ||| STAIRDANCE
 40241 | Zot:1    | 40241 ||| INVOKING Heroism.
 40312 | Zot:1    | 40312 ||| DRINKING 4 potions of mutation.
 40312 | Zot:1    | Lost mutation: You occasionally lose the ability to read
                  | scrolls when taking damage. [potion of mutation]
 40312 | Zot:1    | Lost mutation: You passively map a small area around you.
                  | [potion of mutation]
 40312 | Zot:1    | Lost mutation: You have very sharp teeth. [potion of
                  | mutation]
 40312 | Zot:1    | Gained mutation: Your flesh is heat resistant. (rF+)
                  | [potion of mutation]
 40312 | Zot:1    | Gained mutation: You possess an exceptional clarity of
                  | mind. [potion of mutation]
 40317 | Zot:2    | 40317 ||| STAIRDANCE
 40319 | Zot:1    | 40319 ||| INVOKING Heroism.
 40326 | Zot:1    | 40326 ||| Stepping ~*~*~tactically~*~*~ (cloud).
 40354 | Zot:2    | 40354 ||| STAIRDANCE
 40356 | Zot:1    | 40356 ||| INVOKING Heroism.
 40356 | Zot:1    | HP: 29/162 [green draconian monk (16)]
 40357 | Zot:1    | 40357 ||| READING 30 scrolls of teleportation.
 40358 | Zot:1    | 40358 ||| DRINKING 6 potions of heal wounds.
 40358 | Zot:1    | HP: 11/162 [green draconian/+0 short sword (20)]
 40359 | Zot:1    | 40359 ||| DRINKING 5 potions of heal wounds.
 40360 | Zot:1    | 40360 ||| DRINKING 4 potions of heal wounds.
 40362 | Zot:1    | 40362 ||| DRINKING 3 potions of heal wounds.
 40363 | Zot:1    | 40363 ||| DRINKING 2 potions of heal wounds.
 40399 | Zot:1    | 40399 ||| INVOKING Heroism.
 40476 | Zot:2    | 40476 ||| Stepping ~*~*~tactically~*~*~ (retreating).
 40477 | Zot:2    | 40477 ||| Stepping ~*~*~tactically~*~*~ (retreating).
 40478 | Zot:2    | 40478 ||| Stepping ~*~*~tactically~*~*~ (retreating).
 40479 | Zot:2    | 40479 ||| Stepping ~*~*~tactically~*~*~ (retreating).
 40480 | Zot:2    | 40480 ||| Stepping ~*~*~tactically~*~*~ (retreating).
 40481 | Zot:2    | 40481 ||| Stepping ~*~*~tactically~*~*~ (retreating).
 40482 | Zot:2    | 40482 ||| Stepping ~*~*~tactically~*~*~ (retreating).
 40483 | Zot:2    | 40483 ||| Stepping ~*~*~tactically~*~*~ (retreating).
 40484 | Zot:2    | 40484 ||| RETREATING.
 40485 | Zot:2    | 40485 ||| Stepping ~*~*~tactically~*~*~ (outnumbered).
 40486 | Zot:2    | 40486 ||| Stepping ~*~*~tactically~*~*~ (retreating).
 40487 | Zot:2    | 40487 ||| INVOKING Heroism.
 40498 | Zot:2    | Killed a Killer Klown
 40504 | Zot:2    | Received a gift from Okawaru
 40504 | Zot:2    | HP: 41/175 [white draconian stormcaller/divine providence[a
                  | black draconian knight] (11)]
 40505 | Zot:2    | 40505 ||| READING 29 scrolls of teleportation.
 40506 | Zot:2    | 40506 ||| DRINKING potion of heal wounds.
 40507 | Zot:2    | 40507 ||| Stepping ~*~*~tactically~*~*~ (retreating).
 40508 | Zot:2    | 40508 ||| Stepping ~*~*~tactically~*~*~ (retreating).
 40509 | Zot:2    | 40509 ||| INVOKING Heroism.
 40721 | Zot:2    | 40721 ||| Stepping ~*~*~tactically~*~*~ (outnumbered).
 40722 | Zot:2    | 40722 ||| RETREATING.
 40800 | Zot:2    | 40800 ||| RETREATING.
 40851 | Zot:2    | 40851 ||| INVOKING Heroism.
 40856 | Zot:2    | 40856 ||| Stepping ~*~*~tactically~*~*~ (outnumbered).
 40858 | Zot:2    | 40858 ||| RETREATING.
 40930 | Zot:2    | Identified the +0 ring mail of Dajoloel {Fly rF- rC+ Dex+4}
                  | (Okawaru gifted it to you on level 2 of the Realm of Zot)
 40930 | Zot:2    | Received a gift from Okawaru
 40960 | Zot:2    | 40960 ||| INVOKING Heroism.
 41179 | Zot:2    | 41179 ||| INVOKING Heroism.
 41310 | Zot:3    | 41310 ||| INVOKING Heroism.
 41395 | Zot:3    | Noticed a Killer Klown
 41396 | Zot:3    | 41396 ||| INVOKING Heroism.
 41397 | Zot:3    | 41397 ||| INVOKING Finesse.
 41398 | Zot:3    | Killed a Killer Klown
 41466 | Zot:3    | 41466 ||| Stepping ~*~*~tactically~*~*~ (outnumbered).
 41467 | Zot:3    | 41467 ||| Stepping ~*~*~tactically~*~*~ (outnumbered).
 41468 | Zot:3    | 41468 ||| Stepping ~*~*~tactically~*~*~ (outnumbered).
 41469 | Zot:3    | 41469 ||| Stepping ~*~*~tactically~*~*~ (outnumbered).
 41470 | Zot:3    | 41470 ||| Stepping ~*~*~tactically~*~*~ (outnumbered).
 41720 | Zot:3    | Reached skill level 21 in Dodging
 41731 | Zot:3    | 41731 ||| INVOKING Heroism.
 41929 | Zot:4    | 41929 ||| RETREATING.
 41930 | Zot:4    | 41930 ||| Stepping ~*~*~tactically~*~*~ (retreating).
 41931 | Zot:4    | 41931 ||| Stepping ~*~*~tactically~*~*~ (retreating).
 41932 | Zot:4    | 41932 ||| Stepping ~*~*~tactically~*~*~ (retreating).
 41933 | Zot:4    | 41933 ||| INVOKING Heroism.
 41972 | Zot:4    | 41972 ||| INVOKING Heroism.
 41978 | Zot:4    | Reached XP level 26. HP: 192/192 MP: 33/33
 42065 | Zot:4    | 42065 ||| RETREATING.
 42074 | Zot:4    | 42074 ||| RETREATING.
 42265 | Zot:4    | 42265 ||| PLANNING ORB
 42303 | Zot:5    | Entered Level 5 of the Realm of Zot
 42387 | Zot:5    | 42387 ||| RETREATING.
 42389 | Zot:5    | 42389 ||| Stepping ~*~*~tactically~*~*~ (retreating).
 42390 | Zot:5    | 42390 ||| Stepping ~*~*~tactically~*~*~ (retreating).
 42391 | Zot:5    | 42391 ||| Stepping ~*~*~tactically~*~*~ (retreating).
 42576 | Zot:5    | Received a gift from Okawaru
 42619 | Zot:5    | 42619 ||| INVOKING Heroism.
 42679 | Zot:5    | Noticed an ancient lich
 42680 | Zot:5    | 42680 ||| RETREATING.
 42682 | Zot:5    | 42682 ||| RETREATING.
 42683 | Zot:5    | 42683 ||| INVOKING Heroism.
 42684 | Zot:5    | 42684 ||| INVOKING Finesse.
 42686 | Zot:5    | Killed an ancient lich
 42687 | Zot:5    | Reached skill level 27 in Fighting
 42705 | Zot:5    | 42705 ||| Stepping ~*~*~tactically~*~*~ (outnumbered).
 42738 | Zot:5    | 42738 ||| INVOKING Heroism.
 42763 | Zot:5    | Noticed an orb of fire
 42764 | Zot:5    | 42764 ||| DRINKING 5 potions of resistance.
 42765 | Zot:5    | 42765 ||| INVOKING Finesse.
 42766 | Zot:5    | Killed an orb of fire
 42791 | Zot:5    | Noticed an orb of fire
 42792 | Zot:5    | 42792 ||| RETREATING.
 42793 | Zot:5    | Lost mutation: You have an increased reservoir of magic.
                  | (+10% MP) [an orb of fire]
 42794 | Zot:5    | Noticed an orb of fire
 42797 | Zot:5    | 42797 ||| DRINKING 4 potions of resistance.
 42804 | Zot:5    | 42804 ||| INVOKING Heroism.
 42808 | Zot:5    | Gained mutation: You are clumsy. (Dex -2) [an orb of fire]
 42809 | Zot:5    | Killed an orb of fire
 42809 | Zot:5    | Gained mutation: You are dopey. (Int -2) [an orb of fire]
 42811 | Zot:5    | Gained mutation: Your spells are a little easier to cast,
                  | but a little less powerful. [an orb of fire]
 42812 | Zot:5    | Killed an orb of fire
 42815 | Zot:5    | Noticed a Killer Klown
 42820 | Zot:5    | 42820 ||| Stepping ~*~*~tactically~*~*~ (retreating).
 42821 | Zot:5    | 42821 ||| Stepping ~*~*~tactically~*~*~ (retreating).
 42822 | Zot:5    | 42822 ||| Stepping ~*~*~tactically~*~*~ (retreating).
 42823 | Zot:5    | 42823 ||| Stepping ~*~*~tactically~*~*~ (retreating).
 42825 | Zot:5    | 42825 ||| INVOKING Finesse.
 42834 | Zot:5    | Killed a Killer Klown
 42997 | Zot:5    | 42997 ||| INVOKING Heroism.
 43002 | Zot:5    | Received a gift from Okawaru
 43071 | Zot:5    | Got the Orb of Zot
 43072 | Zot:5    | 43072 ||| PLANNING ESCAPE
 43072 | Zot:5    | 43072 ||| UPGRADING to ring "Caen" {Contam rElec EV+5
                  | SInv}.
 43074 | Zot:5    | 43074 ||| UPGRADING to +0 cloak "Gus Obbu" {Fly rPois
                  | Will++ Str-4}.
 43076 | Zot:5    | Noticed a Killer Klown
 43077 | Zot:5    | 43077 ||| DRINKING 5 potions of haste.
 43078 | Zot:5    | 43078 ||| INVOKING Heroism.
 43079 | Zot:5    | 43079 ||| INVOKING Finesse.
 43080 | Zot:5    | 43080 ||| RETREATING.
 43088 | Zot:5    | Killed a Killer Klown
 43091 | Zot:5    | 43091 ||| UPGRADING to +0 cloak "Gus Obbu" {Fly rPois
                  | Will++ Str-4}.
 43130 | Zot:5    | 43130 ||| UPGRADING to ring of Ahacror {Contam Drain rC+++
                  | rCorr MP+9}.
 43141 | Zot:5    | Gained mutation: Your magical capacity is low. (-10% MP)
                  | [mutagenic glow]
 43153 | Zot:5    | 43153 ||| FLEEEEING.
 43154 | Zot:5    | 43154 ||| FLEEEEING.
 43214 | Zot:2    | 43214 ||| Stepping ~*~*~tactically~*~*~ (outnumbered).
 43216 | Zot:2    | 43216 ||| Stepping ~*~*~tactically~*~*~ (outnumbered).
 43296 | Zot:1    | 43296 ||| DRINKING 4 potions of haste.
 43297 | Zot:1    | 43297 ||| INVOKING Heroism.
 43298 | Zot:1    | 43298 ||| INVOKING Finesse.
 43340 | Depths:4 | 43340 ||| INVOKING Finesse.
 43361 | Depths:4 | 43361 ||| DRINKING 3 potions of haste.
 43436 | Depths:3 | 43436 ||| DRINKING 2 potions of haste.
 43437 | Depths:3 | 43437 ||| INVOKING Heroism.
 43534 | D:14     | 43534 ||| DRINKING potion of haste.
 43535 | D:14     | 43535 ||| INVOKING Heroism.
 43540 | D:13     | Noticed Jior the pandemonium lord
 43540 | D:13     | 43540 ||| RETREATING.
 43542 | D:13     | 43542 ||| INVOKING Finesse.
 43543 | D:13     | 43543 ||| Stepping ~*~*~tactically~*~*~ (outnumbered).
 43550 | D:13     | 43550 ||| Stepping ~*~*~tactically~*~*~ (outnumbered).
 43551 | D:13     | Killed Jior the pandemonium lord
 43670 | D:8      | 43670 ||| Stepping ~*~*~tactically~*~*~ (outnumbered).
 43687 | D:8      | Reached skill level 12 in Invocations
 43867 | D:$      | Escaped with the Orb!

Levels and vault maps discovered:
D:1:      ncdulo_wetmaze, layout_basic, dreamdust_ecumenical_altar_sealed_demon
D:2:      layout_basic, uniq_terence, uniq_jessica
D:3:      layout_rooms, elyvilon_altar_1
D:4:      layout_cave_pools, mainiacjoe_overflow_six_doors_small, uniq_ijyb,
          uniq_menkaure
D:5:      layout_basic, mainiacjoe_overflow_concentric_impassable,
          temple_pool_b, nicolae_fountain_basement, uniq_duvessa
D:6:      layout_rooms, serial_undead, serial_undead_f, serial_undead_c,
          serial_undead_b, serial_undead_c
D:7:      layout_basic, minmay_misc_feat_hallway, kennysheep_small_circle,
          uniq_joseph
D:8:      kennysheep_seaside_town, layout_basic, minmay_crossroads
D:9:      layout_long_grid, grunt_qazlal_clouds, enter_bailey_2,
          dreamdust_princess_bridge
D:10:     layout_gridville, david_orc_4
D:11:     layout_loops_ring, erik_lair_dragon, minmay_shattered_shrine,
          uniq_grum, uniq_harold
D:12:     layout_rooms, uniq_kirke
D:13:     layout_basic, david_vaults_4, enter_trove_3, minmay_the_grid_2x2
          [minmay_the_grid_dragon_b, minmay_the_grid_all_tris,
          minmay_the_grid_large_cup, minmay_the_grid_prize_diamond_cup]
D:14:     layout_roguey, nicolae_gozag_seed_capital, uniq_nessos
D:15:     hangedman_depths_entry_civil_slaughter, layout_basic,
          minmay_strange_pillars, not_door_vault_mu, lemuel_flame_loot_1,
          uniq_agnes, uniq_jorgrun
Temple:   hc_temple_tempest_star
Lair:1:   beast_lair_carwin_large_4, layout_long_grid, serial_bayou_lagoon_a
Lair:2:   gammafunk_cloud_chamber, layout_gridlike,
          alex1729_swamp_entry_worm_eleionoma, minmay_snake_entry_spellcaster,
          grunt_megastairs_3, serial_bayou_shore_a, lemuel_fruit_tree,
          serial_bayou_shore_b
Lair:3:   layout_chaotic_city, infiniplex_staircase_pool_2
Lair:4:   layout_loops_ring, chequers_serial_rivers_micro_d
Lair:5:   hangedman_lair_in_review, layout_small_grid, wormcave, slime_entry_1,
          ebering_ghost_disaster_area
Swamp:1:  gammafunk_mikee_crab_dinner, layout_basic_swamp,
          evilmike_swamp_ruin_house_3
Swamp:2:  layout_basic_swamp, evilmike_swamp_ruin_house_1
Swamp:3:  layout_basic_swamp, ebering_ghost_rock_garden,
          evilmike_swamp_ruin_rubble_2
Swamp:4:  swamp_vile, layout_basic_swamp, swamp_pool2,
          nicolae_swamp_wisp_ring_woods
Snake:1:  layout_rooms, nicolae_snake_horde_hoard
Snake:2:  layout_concentric_octagons, corexii_hall_statues_x
Snake:3:  layout_misc_corridors, serial_shops, nicolae_shop_rolled_up
Snake:4:  minmay_snake_end_coiled, layout_cave_shapes, nicolae_shop_self_help
Orc:1:    layout_diamond_mine, basic_altar, statue_in_the_mist_lemuel,
          uniq_erica
Orc:2:    hellmonk_orc_salted, layout_caves, serial_shops, shop
Vaults:1: advil_vaults_ghost_guards, nicolae_vaults_circle_grid_a,
          hangedman_vaults_locks, nicolae_vaults_rhombus_7,
          nicolae_vaults_what_the_h, nicolae_vaults_heart-shaped_vault,
          grunt_vaults_twisty, v_pattern_4, nicolae_vaults_loss_of_containment,
          nicolae_vaults_apartment_1, ontoclasm_vaults_fault, layout_vaults_ring
Vaults:2: vaults_dpeg_hooks, ontoclasm_vaults_ring_square,
          hangedman_vaults_stream, nicolae_vaults_network_quinsquares
          [nicolae_vaults_network_quincunx_subvault,
          nicolae_vaults_network_quincunx_subvault,
          nicolae_vaults_network_quincunx_subvault,
          nicolae_vaults_network_quincunx_subvault], v_misc_22,
          nicolae_vaults_turnstiles, nicolae_vaults_little_ls,
          nicolae_vaults_cochlea, nicolae_vaults_more_shelving_2,
          ontoclasm_vaults_chip, nicolae_vaults_house_1, ontoclasm_vaults_spin,
          layout_vaults_omnicross
Vaults:3: minmay_crypt_entry_simple_box, v_misc_11,
          nicolae_vaults_tetromino_L_1, nicolae_vaults_tetromino_T_1,
          nicolae_vaults_double_plus_2, ontoclasm_vaults_eye,
          layout_vaults_omnigrid, uniq_margery, uniq_nikola
Vaults:4: gammafunk_ghost_spectres, v_misc_3, nicolae_vaults_circle_grid_b,
          nicolae_vaults_variable_pillar_hall, nicolae_vaults_enemy_cabinets,
          v_pattern_1, nicolae_vaults_two_Ls, nicolae_vaults_network_periphery,
          hangedman_vaults_snaps, v_misc_10, nicolae_vaults_tangram_1,
          v_misc_17, layout_vaults_big_room, uniq_frederick
Vaults:5: serial_shops
Depths:1: layout_big_octagon, serial_shops, freezing_bzr,
          grunt_hell_entry_dis_old, grunt_pan_entry_in_and_out,
          nicolae_shop_i_like_small_books_too, minmay_misc_feat_nine_boxes,
          xom_confusion_cloud, uniq_sojobo
Depths:2: grunt_crosshair, layout_gridlike, enter_ziggurat_e, hellmouth_1,
          nrook_uturn, rand_demon_pan_entry_8, minmay_gold_behind_fungi,
          uniq_mara, uniq_norris
Depths:3: evilmike_library_of_no_secrets, layout_long_grid, hell_entry,
          abyss_entry_small_statue_room
Depths:4: hangedman_slaughterboxes, hell_entry, serial_shops, pan_entry
Zot:1:    minmay_elemental_castle, layout_misc_corridors,
          amethyst_zot_foddershock
Zot:2:    layout_gridlike, evilmike_ambush [evilmike_ambush_outer_pillars,
          evilmike_ambush_inner_pond]
Zot:3:    layout_misc_corridors
Zot:4:    layout_misc_corridors, uniq_grunn
Zot:5:    layout_concentric_octagons, nrook_zot_tub

Skill      XL: |  1  2  3  4  5  6  7  8  9 10 11 12 13 14 15 16 17 18 19 20 21 22 23 24 25 26 |
---------------+-------------------------------------------------------------------------------+-----
Armour         | 1 3 4 5 7 8 9 10 11 13 18 21 22 | 22.0
Ranged Weapons | 5 6 7 8 10 11 13 14 15 16 17 20 21 22 | 22.0
Fighting       | 3 4 5 7 8 9 10 12 14 15 16 18 19 20 22 23 24 25 26 27 | 27.0
Dodging        | 2 3 4 5 6 8 10 11 13 15 16 18 19 21 22 | 22.0
Invocations    | 4 8 10 12 | 12.4
Stealth        | |  1.1

Action                     |  1- 3 |  4- 6 |  7- 9 | 10-12 | 13-15 | 16-18 | 19-21 | 22-24 | 25-27 || total
---------------------------+-------+-------+-------+-------+-------+-------+-------+-------+-------++-------
   Fire: Shortbow          |   102 |   105 |       |       |       |       |       |       |       ||   207
         Orcbow            |       |    36 |   150 |   332 |   886 |       |       |       |       ||  1404
         Longbow           |       |       |       |       |   165 |   996 |   187 |       |       ||  1348
         Heavy crossbow    |       |       |       |       |       |       |   492 |   609 |   429 ||  1530
         Triple crossbow   |       |       |       |       |       |       |     2 |       |       ||     2
 Invoke: Heroism           |       |       |     2 |    17 |    29 |    33 |    20 |    40 |    30 ||   171
         Finesse           |       |       |       |       |    10 |     5 |    10 |    14 |     8 ||    47
    Use: Scroll            |     4 |     8 |     3 |     4 |    10 |     4 |     4 |     2 |     2 ||    41
         Potion            |       |     1 |     1 |     4 |     1 |     1 |     3 |     1 |    14 ||    26
 Armour: Leather armour    |    12 |       |    28 |    54 |    19 |       |       |       |       ||   113
         Ring mail         |    30 |    55 |     2 |       |       |       |       |    18 |   222 ||   327
         Troll leather arm |       |       |       |       |   127 |   250 |   146 |       |       ||   523
         Skin              |       |       |       |       |    14 |       |       |       |       ||    14
         Robe              |       |       |       |       |       |       |    98 |    39 |       ||   137
         Quicksilver drago |       |       |       |       |       |       |       |   309 |       ||   309
  Dodge: Dodged            |    52 |    37 |    26 |    90 |   445 |   512 |   559 |   781 |   679 ||  3181
  Block: Other             |       |       |       |       |       |       |    29 |    98 |    86 ||   213

Table legend:
 A = Non-vault XP
 B = Vault XP
 C = Vault XP percentage of total XP
 D = Non-vault monster count
 E = Vault monster count
 F = Vault count percentage of total count
                 A         B        C        D         E       F
            +---------+---------+-------+---------+---------+-------
      Total |  559954 |  645741 |  53.6 |    1080 |     738 |  40.6
            +---------+---------+-------+---------+---------+-------
        D:1 |      16 |       0 |   0.0 |       9 |       0 |   0.0
        D:2 |      41 |      73 |  64.0 |      21 |       2 |   8.7
        D:3 |     174 |       0 |   0.0 |      23 |       0 |   0.0
        D:4 |     278 |     358 |  56.3 |      25 |       5 |  16.7
        D:5 |    1287 |     341 |  20.9 |      18 |       4 |  18.2
        D:6 |    1160 |     586 |  33.6 |      16 |       9 |  36.0
        D:7 |     845 |     563 |  40.0 |      14 |       3 |  17.6
        D:8 |     692 |    1314 |  65.5 |      22 |      23 |  51.1
        D:9 |    4210 |       0 |   0.0 |      33 |       0 |   0.0
       D:10 |    1154 |     645 |  35.9 |      10 |      13 |  56.5
       D:11 |    7275 |   11527 |  61.3 |      25 |      25 |  50.0
       D:12 |    3999 |     189 |   4.5 |      11 |       1 |   8.3
       D:13 |    4260 |    9362 |  68.7 |       9 |      14 |  60.9
       D:14 |    7394 |    1032 |  12.2 |      16 |       1 |   5.9
       D:15 |   11513 |    7530 |  39.5 |      19 |       8 |  29.6
     Lair:1 |    3076 |    2953 |  49.0 |      15 |      22 |  59.5
     Lair:2 |    7041 |    1878 |  21.1 |      24 |       3 |  11.1
     Lair:3 |    4553 |       0 |   0.0 |      13 |       0 |   0.0
     Lair:4 |    2889 |       0 |   0.0 |       6 |       0 |   0.0
     Lair:5 |   15868 |   16453 |  50.9 |      49 |      38 |  43.7
    Swamp:1 |    9119 |       0 |   0.0 |      12 |       0 |   0.0
    Swamp:2 |    5190 |       0 |   0.0 |      10 |       0 |   0.0
    Swamp:3 |   14257 |       0 |   0.0 |      32 |       0 |   0.0
    Swamp:4 |   10590 |   22791 |  68.3 |      23 |      36 |  61.0
    Snake:1 |    7288 |     511 |   6.6 |      16 |       1 |   5.9
    Snake:2 |   27440 |       0 |   0.0 |      49 |       0 |   0.0
    Snake:3 |   34383 |       0 |   0.0 |      62 |       0 |   0.0
    Snake:4 |    5460 |   15648 |  74.1 |       8 |      31 |  79.5
      Orc:1 |   12330 |     831 |   6.3 |      69 |       1 |   1.4
      Orc:2 |    4895 |    9533 |  66.1 |      30 |      25 |  45.5
   Vaults:1 |   29270 |   23998 |  45.1 |      46 |      30 |  39.5
   Vaults:2 |   12109 |   28066 |  69.9 |      21 |      39 |  65.0
   Vaults:3 |   17790 |   15594 |  46.7 |      24 |      15 |  38.5
   Vaults:4 |   31055 |   50541 |  61.9 |      41 |      58 |  58.6
   Vaults:5 |   19528 |   65176 |  76.9 |      36 |      59 |  62.1
   Depths:1 |   30110 |   23961 |  44.3 |      36 |      27 |  42.9
   Depths:2 |   20375 |   49887 |  71.0 |      23 |      48 |  67.6
   Depths:3 |   22835 |   24902 |  52.2 |      21 |      20 |  48.8
   Depths:4 |     569 |  138565 |  99.6 |       2 |     106 |  98.1
      Zot:1 |   32538 |   39406 |  54.8 |      28 |      30 |  51.7
      Zot:2 |   44218 |   18819 |  29.9 |      39 |      13 |  25.0
      Zot:3 |   32066 |       0 |   0.0 |      23 |       0 |   0.0
      Zot:4 |   26184 |       0 |   0.0 |      23 |       0 |   0.0
      Zot:5 |   32630 |   62708 |  65.8 |      28 |      28 |  50.0
            +---------+---------+-------+---------+---------+-------
